Workbook
Name _Hlk88571830: 'Tab 5 Multi-annual targets '!#REF!
Name _Hlk95981819: 'Tab 5 Multi-annual targets '!#REF!
Name _Hlk96267063: 'Tab 5 Multi-annual targets '!#REF!
Name _Hlk96267083: 'Tab 5 Multi-annual targets '!#REF!
Name _Int_joejLXOw: 'Tab 5 Multi-annual targets '!#REF!
Name _Toc1343095740: 'Tab 5 Multi-annual targets '!#REF!
Name _Toc369500605: 'Tab 5 Multi-annual targets '!#REF!
Name _Toc512764507: 'Tab 5 Multi-annual targets '!#REF!
Name _Toc632574498: 'Tab 5 Multi-annual targets '!#REF!
Name _Toc872994150: 'Tab 5 Multi-annual targets '!#REF!
Name _Toc919062024: 'Tab 5 Multi-annual targets '!#REF!

Sheet Symbols
E4: Meets target (2024) | K4: Meets target (2025)
E7: Approaches target (2024) | K7: Approaches target (2025)
E10: Initiated (2024) | K10: Initiated (2025)
E13: Not initiated (2024) | K13: Not initiated (2025)
Q16: 0.25 | R16: 0.5 | S16: 0.75 | T16: 1
Q17: 0.75 | R17: 0.5 | S17: 0.25 | T17: 0
Q18: 2024
Q24: Not initated | R24: Initiated | S24: Approaches | T24: Meets target
Q27: 2025
Q33: Not initated | R33: Initiated | S33: Approaches | T33: Meets target

Sheet Tab 1 Budget summary
B3: Table 1: Total budget MACP USD | E3: Table 5: Total budget OF USD
B4: Organization | C4: Total (2024-2027) | E4: Organization | F4: Total (2024-2027)
B5: UNHCR | C5: 8308271 | E5: UNHCR | F5: =SUM(F15+F25) -> 0
B6: UNICEF | C6: =SUM(C16,C17,C27,C36) -> 15312999 | E6: UNICEF | F6: =SUM(F16+F26+F35) -> 0
B7: ILO | C7: =SUM(C18+C28+C37) -> 9837397.7 | E7: ILO | F7: =SUM(F17+F27+F36) -> 0
B8: World Bank | C8: =SUM(C19+C29) -> 0 | E8: World Bank | F8: =SUM(F18+F28) -> 0
B9: IFC | C9: 0 | E9: IFC | F9: 0
B10: Total | C10: =SUM(C5:C9) -> 33458668 | E10: Total | F10: =SUM(F5:F9) -> 0
B13: Table 2: Total activity costs MACP USD | E13: Table 6: Total activity costs OF USD
B14: Organization | C14: Total (2024-2027) | E14: Organization | F14: Total (2024-2027)
B15: UNHCR | C15: 7801193.4 | E15: UNHCR | F15: ='Tab 2 Programme Portfolio'!E74 -> 0
B16: UNICEF | C16: 12353721 | E16: UNICEF | F16: ='Tab 2 Programme Portfolio'!E75 -> 0
B17: UNICEF (cross-sectoral cost)* | C17: 1684598.3 | E17: ILO | F17: ='Tab 2 Programme Portfolio'!E77 -> 0
B18: ILO | C18: 8619467 | E18: World Bank | F18: ='Tab 2 Programme Portfolio'!E78 -> 0
B19: World Bank | C19: ='Tab 2 Programme Portfolio'!B78 -> 0 | E19: IFC | F19: ='Tab 2 Programme Portfolio'!E79 -> 0
B20: IFC | C20: ='Tab 2 Programme Portfolio'!B79 -> 0 | E20: Total | F20: =SUM(F15:F19) -> 0
B21: Total | C21: 0
E23: Table 7: Indirect recovery costs OF USD - optional
B24: Table 3: Indirect recovery costs MACP USD - optional | E24: Organization | F24: Total (2024-2027)
B25: Organization | C25: Total (2024-2027) | E25: UNHCR | F25: 0
B26: UNHCR | C26: 507077.57 | E26: UNICEF | F26: 0
B27: UNICEF | C27: 1123066 | E27: ILO | F27: 0
B28: ILO | C28: =0.13*C18 -> 1120530.7 | E28: World Bank | F28: 0
B29: World Bank | C29: 0 | E29: IFC | F29: 0
B30: IFC | C30: 0 | E30: Total | F30: =SUM(F25:F29) -> 0
B31: Total | C31: 0
E33: Table 8: UN Levy costs OF USD
B34: Table 4: UN Levy costs MACP USD | E34: Organization | F34: Total (2024-2027)
B35: Organization | C35: Total (2024-2027) | E35: UNICEF | F35: 0
B36: UNICEF | C36: 151614 | E36: ILO | F36: 0
B37: ILO | C37: 97399.98 | E37: Total | F37: =SUM(F35:F36) -> 0
B38: Total | C38: 0
B41: * Cross sectoral costs are directly related to programme/projects including personnel such as admin and finance, supply/logistics staff, office equipment, furniture, rental of premises, office maintenance, security, etc. that can be associated with the staff supporting the successful implementation of the projects. They include costs still associated with the direct delivery, e.g. programme staff entitlements/benefits, costs associated to these staff related to office equipment, premises, security, etc…). They also include costs of centrally managed services benefitting all staff and programmes but managed centrally (e.g., ICT services/software licenses and UN field security). They are linked to the staff and the result(s) they support and are funded from the same funding source as the staff salary through cost attribution, using payroll as the mechanism. These costs vary from country to country, e.g. due to costs related to security which obviously vary by context. In Sudan, the standard cost is 12%.

Sheet Tab 2 Programme Portfolio
A1: Reference | B1: Title of Intervention | C1: Type of intervention | D1: MACP or OF | E1: Short description of Intervention | F1: Pillar | G1: Participating Partners (PROSPECTS only) | H1: UNICEF Budget (if applicable) | I1: UNHCR Budget (if applicable) | J1: ILO Budget (if applicable) | K1: WB Budget (if applicable) | L1: IFC Budget (if applicable) | M1: Total budget (= multi-annual) | N1: Geographic area | O1: Implementation period | P1: Target group | Q1: Government Counterparts | R1: Other implementing organizations | S1: Contribution to ToC Outcomes | T1: Other relevant information
A2: Pillar 1: EDUCATION AND LEARNING | H2: =SUM(H3:H14) -> 5390972.8 | I2: =SUM(I3:I14) -> 1760900 | J2: =SUM(J3:J14) -> 1924467 | K2: =SUM(K3:K14) -> 0 | L2: =SUM(L3:L14) -> 0 | M2: =SUM(H2:L2) -> 9076339.8
A3: 1.1 | B3: Provide technical support to FDPs/HCs to ensure children access and complete primary formal or Non-Formal Education (NFE) including early learning | C3: Collective intervention | D3: MACP | E3: The proposed education intervention will focus on expanding access and completion to learning opportunities in safe and protective environments while reinforcing resilience efforts and recovery trends for children and adolescents (5-18 years) most affected (FDPs) by conflict. By restoring and revitalizing schools inclusive of FDPs, the aim is to protect children, both physically and emotionally, in unstable environments now and in the future through the education national system. To achieve this, several interventions will be implemented and reinforced by other Prospects Pillar activities. The main intervention areas include: i) Establishment of safe learning spaces which include the provision of Teaching Learning Materials to support literacy and numeracy and psychosocial well-being of children. The SLS can be a tent, repaired classroom or school ii) undertake education infrastructure activities that will build, rehabilitate, or refurbish parts of permanent structures, such as gender and disability responsive WASH facilities, classrooms, and offices in line with Ministry of Education standards iii)provision of harmonized incentive payment to frontline workers (teachers, facilitator etc.) aligned to the MoE guidelines iv) Establish referral pathways to connect learners with appropriate child protection case management services, in collaboration with protection interventions and social workers. In a scenario based approach, as construction or rehabilitation work are difficult in the currect context and schools are closed in various states as hosting IDPs, UNICEF will give priority to the establishment of safe learning spaces following an integrated approach (Makanna+) of multi-service provision (Education, child protection, WASH). (1a) | F3: Pillar 1: EDUCATION AND LEARNING | G3: UNICEF and UNHCR | H3: 1070000 | I3: =915700-68000 -> 847700 | M3: =SUM(H3:L3) -> 1917700 | N3: White Nile state and Kassala state | O3: 2024-2027 | P3: Refugees, and HC | Q3: Ministry of education at the Federal and States level | R3: TBD | S3: Access to basic services | T3: NIL
A4: 1.2 | B4: Provide technical support towards inclusion of refugees into education policies | C4: Collective intervention | E4: The intervention will prioritize two concrete policies that will gear towards refugees’ and forcibly displaced persons participation and inclusion in the education system. First, the inclusion of Forcibly Displaced Persons (FDPs) in the national education system. The Sudanese government committed to the inclusion of refugee education into the national system as outlined in the Djibouti Declaration of 2017 and the Sustainable Development Goal 4 (SDG4) and the 2019 Global Refugee Forum (GRF) where the government of Sudan pledged to gradual policy inclusion. Some of the key activities will include cascading the federal commitments to the state level, support the roll-out of recent IGAD evaluation findings/recommendation education, training of MoE and partners on inclusion to integration of refugee education sector development plans and functions at all levels and departments within the MoE structure and advocate for refugee inclusion in the all-new education sectoral plans to be developed by donors and line ministries. UNHCR be the technical lead in the development of the policy. Second, deliberate efforts will be undertaken towards revitalization of the skills development and Technical Vocational Education and Training system through, provision of technical support to harmonize existing skills development and Technical Vocational Education and Training Policies including Operational Plan with Result Framework Matrix that is inclusive of refugee education in terms of access and eligibility for forcibly displaced persons. Key areas of intervention will be to ii) Provide support to stakeholder’s including Ministry of Youth and Sports and the MoE to roll – out and popularize key education policies (Refugee Education, skills development & TVET policies in collaboration with other stakeholders, relevant line ministries and other development partners in the targeted areas. UNICEF will mainly focus on skills development for young people including non-formal education pathways for skills in the future while ILO will serve as the technical lead in the drafting of the skills development and TVET policy. The partners are already working with existing, technical, and functional departments at the states Ministry of Education in both Kassala and White Nile. The partner will continue to leverage working with state teams including enhancing their capacities to deliver for children and improve learning outcomes. Every step of the engagement process will be documented, and lesson learnt shared with the federal state once the situation generally improved. (1c) | F4: Pillar 1: EDUCATION AND LEARNING | G4: UNICEF, UNHCR and ILO | H4: 100000 | I4: 80000 | J4: 349333 | M4: =SUM(H4:L4) -> 529333 | N4: White Nile state and Kassala state | O4: 2024-2027 | P4: Refugees and HC | Q4: Ministry of education at the Federal and States level | R4: TBD | S4: Access to basic services | T4: NIL
A5: 1.3 | B5: Support the capacity building of relevant government institutions in education | C5: Collective intervention | D5: MACP | E5: This intervention will focus on two cardinal activities to strengthen the capacity of the state's Ministry of Education and Youth and Sports. These will include capacity development and technical support to the state's Ministry of Education (Education Management Information System-EMIS) and state-level Refugee Education Committee in conducting needs assessment, data collection, analysis, and processing. An organizational capacity assessment will be conducted to identify critical and important areas of capacity building to ensure the response fulfils the needs of the targeted personnel across different departments. UNICEF and UNHCR will use the opportunity to integrate practices and topics that promote the inclusion of FDPs into the national system in the planning and programming of the relevant departments (e.g., planning and teacher management departments). Where a capacity assessment is conducted UNICEF and UNHCR will collaborate with other partners to fill the gaps or undertake areas not covered. As indicated under 1.2, the partners will rely on working with existing experience and technical departments at the state level to implement the activities. | F5: Pillar 1: EDUCATION AND LEARNING | G5: UNICEF, UNHCR and ILO | H5: 154999.91 | I5: 25000 | J5: 75134 | M5: =SUM(H5:L5) -> 255133.91 | N5: White Nile state and Kassala state | O5: 2024-2027 | P5: Refugees and HC | Q5: Ministry of education at the Federal and States level | R5: TBD | S5: Access to basic services | T5: NIL
A6: 1.4 | B6: Support capacity development of adolescents and young people including meaningful participation and engagement in digital literacy and E-learning opportunities. | C6: Collective intervention | D6: MACP | E6: The proposed intervention aims brand skills development and TVET and to enhance the meaningful participation and engagement of young people, especially girls, in addressing the specific barriers to skilling and employment. The component will work to address key concerns, develop a collaborative set of priorities, and co-create interventions, rebranding to shift the perceptions of career and job ready skills training. Key actions to be undertaken will include i) youth led engagement and participation in civic discourses, which will address the negative perceptions regarding the relevancy and quality of education and skills/TVET through a Social and Behavior Change (SBC) lens ii) Support to the establishment of adolescent led child clubs to ensure children and adolescent cultivate relevant skills in life skills and citizenship education. The club is also a space for children and adolescent to meet and participate in recreational activities iii) Support young people in higher grade access to E-learning opportunities to improve learning outcomes iii) provision of digital literacy opportunities to adolescent and young people to enhance learning to earning pathways/ school to work transition (1b). | F6: Pillar 1: EDUCATION AND LEARNING | G6: UNICEF and ILO | H6: 1200000 | J6: 250000 | M6: =SUM(H6:L6) -> 1450000 | N6: White Nile state and Kassala state | O6: 2024-2027 | P6: Refugees and HC young people | Q6: Ministry of Education at the Federal and States level, Minstry of Youth and Sports | R6: TBD | S6: Access to socio-economic opportunities | T6: NIL
C7: Collective intervention | D7: MACP | E7: This intervention will build on and leverage the education, learning and experiences in (Prospects I) and improve on the collaboration between UNICEF and ILO. Young people will be provided comprehensive skills in UPSHIFT ( life skills, social innovation and social entrepreneurship) and will be link to ILO start your business training. At the end of the trainings the beneficiaries will be provided with tool kits and small seed resources to innovate and start their own business in an effort to improve their financial independence. | F7: Pillar 1: EDUCATION AND LEARNING | G7: UNICEF and ILO | H7: 500000 | M7: =SUM(H7:L7) -> 500000
A8: 1.5 | B8: Capacity development of teachers/facilitators/technical trainers in pedagogy/teaching methodologies and digital education | C8: Collective intervention | D8: MACP | E8: The primary aim of the intervention is to ensure teachers, facilitators and technical/TVET trainers acquire the necessary, practical, and technical skills to deliver teaching and training in an effective and coordinated manner. Research has shown that most teachers/trainers in schools and skills development institutions lack classroom management skills, pedagogical skills, and competencies to deliver courses in an effective manner. The World has advanced and still many teachers/trainers in Sudan lack basic Digital literacy skills. Introducing digital literacy for teachers, will advance learning, mitigate learning loss, and create opportunities for social and emotional engagement between teachers and students. Leadership and governance skills will be introduced to all Principals and Directors of institutions to ensure quality delivery and proper management of the institutions. The below interventions will be implemented i) Conduct training for teachers/facilitators and trainers in digital literacy skills and pedagogy/teaching methodologies ii) Develop standardized pedagogy and teaching methodology manuals for primary schools and TVET institutions iii) Conduct capacity development for directors and administrators in school leadership and governance) iv) Teachers/facilitators will also be trained in Mental Health and Psycho-social Support (MHPSS) to act as facilitators of structured MHPSS activities in schools. (1.1a) | F8: Pillar 1: EDUCATION AND LEARNING | G8: UNICEF and ILO | H8: 250000 | J8: 300000 | M8: =SUM(H8:L8) -> 550000 | N8: White Nile state and Kassala state | O8: 2024-2027 | P8: Teaches, trainers & facilitators | Q8: Ministry of education at the Federal and States level | R8: TBD | S8: Access to basic services | T8: NIL
A9: 1.6 | B9: Capacity building for government States and Federal TVET Bureaus on the updating and revision of skills development curricula | C9: Collective intervention | D9: MACP | E9: The main aim of the intervention is to provide technical support to States Ministries of Educaton and skills development institutions including PTAs, administrators, facilitators and trainers to review and revise 5 specific core courses curricula to improve learning outcome and effective teaching delivery. The intervention is specifically important to ensure teaching curricula are gender sensitive, up to date, and meets the growing needs and aspiration of learners within the 21 century. To achieve this, the following actions will be taken: i) Engagement with States Ministries of Education leadership in the identification of core subject areas that need to be revised ii) Provide technical support to the recruitment of technical experts to support the revision and publication process iii) Provide technical support in the organization of a capacity development workshop to identify gaps with the curriculum and solicit substantive feedback from Ministries, trainers, facilitators, PTAs, development partners and students etc. iv) Provide technical support and ensure the availability of drafts core subjects curricula v) Support the SMoEs to organize validation workshops and finally agree on the content of the curricula vi) Produce final drafts curricula and share with key stakeholders and also ensuring the availability of online versions. Key deliverables will include the availability of gender-sensitive curricula in 4 core subject areas; at least 3000 teachers trained in curriculum development; 1000 PTA trained in curriculum monitoring and implementation and support the establishment of a TVET Teachers and Trainers Network (1.1b) | F9: Pillar 1: EDUCATION AND LEARNING | G9: UNICEF, UNHCR and ILO | H9: 75000 | I9: 10300 | J9: 500000 | M9: =SUM(H9:L9) -> 585300 | N9: White Nile state and Kassala state | O9: 2024-2027 | P9: Ministry of Education, Ministry of Youth & Sports, Supreme Commission on Skills development staff | Q9: Ministry of Education, Ministry of Youth & Sports, Supreme Commission on Skills development | R9: TBD | S9: Access to socio-economic opportunities | T9: NIL
A10: 1.7 | B10: Support the enrollment of children in pre-primary and primary from FDPs/HCs communities in formal and non-formal education setting | C10: Partner specific intervention | D10: MACP | E10: The aim of the intervention is to support new enrollment of children in formal and non-formal education settings. To achieve this, it is imperative to support safe Back to Learning campaigns in local communities to increase the chances of children's enrollment in formal and non-formal education. The overall objective of the Back to Learning campaign is to enable out – of – school children to access education and continue learning in primary schools, Alternative Learning Programme (ALP) centers and E-learning centers. Prior to the conflict Sudan recorded low education indices which has been compounded by the conflict. When compared to FDPs, displaced children three affected. The on-going conflict has resulted in all children affected equally and majority consisted of out since April 2023. Girls in particular face additional socio-cultural norms which severely restrict their mobility; combined with safety concerns and supply-related challenges (such as a lack of trained female teachers or gender-segregated latrines). To improve the enrolment rate, the following interventions will be implemented: i) Sensitize local communities on the importance of boys’ and girls’ education and its benefits to the individual, family and community. ii) Identify the Out-of-school children (OOSC) and encourage their parents to send them to school or ALP and support them to continue their education including Identification of protection risks between schools and home that children particularly girls are likely to face and develop mitigation measure in collaboration with the community. iii) Advocate with government officials and mobilize partners and community leaders to support education. iv) Revitalize the functioning of the Parents Teachers Association to support the go-back-to-school campaigns through training and IEC materials jointly developed with the MoE. v) Advocate for re-opening of schools for all children boys and girls including advocating with communities and local authorizes to find alternative learning spaces as some schools are occupied by IDPs and armed groups. vi) Conduct GBV risk audit in schools and develop joint mitigation measures with the PTA and children including engaging radio/TV programme available to campaign towards go back to school/om importance of education and provide an interactive platform for the MoE to sensitize the community on the MoE plans to revamp education in the country. vii) In coordination with child protection interventions, ensure the clubs raise awareness on protection risks including GBV, FGM, child marriage, violence against children | F10: Pillar 1: EDUCATION AND LEARNING | G10: UNICEF and UNHCR | H10: 241438 | M10: =SUM(H10:L10) -> 241438 | N10: White Nile state and Kassala state | O10: 2024-2027 | P10: Refugees and HC Children and adolescents | Q10: Ministry of education at the Federal and States level | R10: TBD | S10: Access to basic services | T10: NIL
A11: 1.8 | B11: Support initiatives to improve retention of children in school | C11: Partner specific intervention | D11: MACP | E11: Retention of children in formal and non-formal education setting has proven to be more difficult especially in displaced communities and host communities directly or indirectly affected by the conflict. Retention of children in school can be caused by factors in school and outside school mainly at the household level. FDPs household families are likely to face myriad social-economic challenges that may lead to drop-out or high OOS children when families are required to meet the opportunity cost of schooling, meet the hidden cost of schooling and at the same meet the direct cost of education. At the school level lack of a concussive, protective, and friendly environment contributes to school dropout. The proposed activities under this result 1.9 are mutually reinforced by interventions proposed under 1.1 above. To achieve this, it is imperative to implement the below sub activities: i) Provision of learning materials (teacher kits, blackboard, student kit, provision dignity kits for girls with the reproductive age improve enrollment and reduce the financial barriers of students especially girls ii) Support the functionality of Alternative Learning Programme (ALP) including of seeding funding to improve learning outcomes in ALP centers iii)Support extra curriculum activities at school and locality level the brings together HC and FDPs (e.g., sports, drama, arts competition etc.) for children including establishment of adolescent led child clubs to improve the skills of children and adolescents in life skills/21 century skills and citizenship education iv)Provision of school grant for the effective management and functionality of the national schools including camp/settlement/community schools registered by MoE. v)Advocate for elimination of school’s levies that may be a barrier to retention or access to education. vi) provision of school grants to all prospects school to improve students' performance vi) provision of facilitators/teacher’s compensation. (1.2b) | F11: Pillar 1: EDUCATION AND LEARNING | G11: UNICEF and UNHCR | H11: 800000 | I11: 797900 | M11: =SUM(H11:L11) -> 1597900 | N11: White Nile state and Kassala state | O11: 2024-2027 | P11: Refugees and HC Children and adolescents | Q11: Ministry of education at the Federal and States level | R11: TBD | S11: Access to basic services | T11: NIL
A12: 1.9 | B12: Support adolescents and young people enrolled in technical/ skills development education to remain in school | C12: Collective intervention | D12: MACP | E12: The intervention will focus on supporting adolescents and young people who have already been enrolled in technical/ skills development education to remain in school through; i) provision of technical learning materials for workshop purposes (tools, equipment etc.) ii) provision of incentive for girls and other disadvantage boys attending key technical course (auto mechanic, engineering, computer science etc.) 1.3a | F12: Pillar 1: EDUCATION AND LEARNING | G12: UNICEF, UNHCR, ILO | H12: 247932 | J12: 150000 | M12: =SUM(H12:L12) -> 397932 | N12: White Nile state and Kassala state | O12: 2024-2027 | P12: Adolescents and youth from refugees and host communities | Q12: Ministry of Youth & Sports and Ministry of Labour | R12: TBD | S12: Access to socio-economic opportunities | T12: NIL
A13: 1.1 | B13: Support apprenticeship, work-based learning, and internship opportunities for young people (18-24 years) | C13: Collective intervention | D13: MACP | E13: This activity will link young people from Forcibly Displaced and Host communities to participate in work-based learning or internship opportunities based on the requirement of the relevant skills institutions. The partners will build a strong working relationship will companies and business to ensure safety the safety and learning of the beneficiaries. UNICEF and ILO will facilitate provision of vocational training, internship, apprenticeship opportunities and provision of relevant toolkits, targeting refugees and host community youth, women-headed households and people at risk of irregular onward movement. (1.3b) | F13: Pillar 1: EDUCATION AND LEARNING | G13: UNHCR and ILO | H13: 0 | J13: 300000 | M13: =SUM(H13:L13) -> 300000 | N13: White Nile state and Kassala state | O13: 2024-2027 | P13: Adolescents and youth from refugees and host communities | Q13: Ministry of Youth & Sports and Ministry of Labour | R13: TBD | S13: Access to socio-economic opportunities | T13: NIL
A14: 1.11 | B14: Technical support for Education and learning intervention | C14: Partner specific | D14: MACP | E14: Technical support for Education and learning intervention | F14: Pillar 1: EDUCATION AND LEARNING | G14: UNICEF | H14: 751602.91 | M14: =SUM(H14:L14) -> 751602.91 | N14: White Nile state and Kassala state | O14: 2024-2027 | P14: UNICEF staff working on the partnership at field and Khartoum levels | Q14: NIL | R14: NIL | T14: NIL
A15: Pillar 2: ECONOMIC INCLUSION | H15: =SUM(H16:H29) -> 0 | I15: =SUM(I16:I29) -> 861000 | J15: =SUM(J16:J29) -> 3350000 | K15: =SUM(K16:K29) -> 0 | L15: =SUM(L16:L29) -> 0 | M15: =SUM(H15:L15) -> 4211000
A16: 2.1 Increased Private Sector or Public investment and enhanced business environment for creating economic opportunities for forcibly displaced and host communities | B16: Promote value chain development and EIIP approaches in the targeted areas with potential economic opportunities for FDP and HC. | C16: Partner specific intervention | D16: MACP | E16: Construction of storage facilities, improve access roads and market places to support the agriculture cooperatives by providing an adequate space to store their crops after the harvest season and provide better access to marketplaces. The intervention will ensure that the needs of women and persons with disabilities are taken into account in terms of the infrastructure design, and that they can participate equitably as workers/contractors in construction. | F16: Pillar 2: ECONOMIC INCLUSION | G16: ILO, UNHCR | I16: 411000 | J16: 350000 | M16: =SUM(H16:L16) -> 761000 | N16: White Nile state and Kassala state | O16: 2024-2027 | P16: Refugees and HC Agriculture cooperatives | Q16: Ministry of Agriculture. Ministry of Trade. Ministry of infrastructure. Labour offices in the states | S16: Access to socio-economic opportunities
E17: Conduct a preliminary assessment of occupational safety and health (OSH) in the construction sector in Kassala and White Nile states. This assessment will provide an overview of the OSH conditions across construction, analyze contractor’s and workers knowledge of OSH practices, and identifies areas for improvement and capacity building needs. The ILO will offer training and capacity building for community groups, civil sociaty organizations, private sector contractors, and public institutions (local goverment and line ministries) on safety and health measures in construction sites. | F17: Pillar 2: ECONOMIC INCLUSION | G17: ILO, UNICEF and UNHCR | I17: 0 | J17: 100000 | M17: =SUM(H17:L17) -> 100000 | N17: White Nile state and Kassala state | O17: 2024-2025 | P17: Refugees and HC | Q17: Ministry of Health. Ministry of infrastructure. Labour offices in the states | S17: Access to socio-economic opportunities
B18: Promote green jobs and livelihoods through green works to improve socio-economic status for refugees and host community | E18: Afforestation project through planting and irrigating trees to address climate challenges, promote sustainable development, and provide decent work opportunities for refugees and host communities | F18: Pillar 2: ECONOMIC INCLUSION | G18: ILO, UNHCR | J18: 150000 | M18: =SUM(H18:L18) -> 150000 | N18: Kassala state | O18: 2024-2026 | P18: Refugees and HC | Q18: Ministry of Agriculture. Ministry of infrastructure. Labour offices in the states | S18: Access to socio-economic opportunities
A19: 2.2. | B19: Strengthen Market Linkages for the cooperatives to access | C19: Partner specific intervention | D19: MACP | E19: This interventions aims to work with the private sector in 2 most profitable and inclusive value chains in the targeted areas. The ILO will build the capacity of the private sector actors through extensive trainings on quality of export to the regional markets in MENA and East Africa regions. While this has started in phase 1, in the second phase ILO aims to mobilize the private sector funds to contribute to developing the cooperatives that will sources the crops to the regional market. Though Sudan has been challenged by the conflict, however the demand from groundnuts, Gum Arabic and livestock among other value chains is still ongoing. Hence, the aim is to link the private sector with the cooperatives from the onset, and ensure that their interests are aligned and intertwined. In this phase the ILO will aim to target 5000 farmers to form cooperatives in the selected locations, which is double the target reached in phase 1. However, in this phase the ILO will work with the technical units in the Ministry of Agriculture and Ministry of Trade to ensure they are capacitated to deliver this scope of work after the project ends. | F19: Pillar 2: ECONOMIC INCLUSION | G19: ILO | J19: 575000 | M19: =SUM(H19:L19) -> 575000 | N19: White Nile state and Kassala state | O19: 2024-2027 | P19: HC and FDPs | Q19: Ministry of Agriculture and Ministry of Trade | S19: Access to basic services
E20: UNHCR in collaboration with ILO will facilitate provision of agricultural extension initiatives and value-chain development and improvement to refuges and HC. UNHCR will provide access to productive assets (agricultural tools and livestock) and ILO will facilitate Agri-business support and market linkages to internal and external markets. | F20: Pillar 2: ECONOMIC INCLUSION | G20: ILO | J20: 175000 | M20: =SUM(H20:L20) -> 175000 | N20: White Nile state and Kassala state | O20: 2024-2027 | P20: Refugees and HC
A21: 2.3 | B21: Institutionalizing BDS in Enterprise Development organizations. | C21: Collective intervention | D21: MACP | E21: Using ILO tools on SME development and cooperative development adapted in PROSPECTS phase to support the creation of Argo-cooperatives and the upgrading of Agro societies and production associations in the new states to better position them for engagement in value chains, accessing finance, lending schemes, and/or negotiating production conditions and pricing through capacity development training and administrative support. Initiatives will include support and monitor the delivery of farming inputs (improved seeds, fertilizers, fungicides, and hermetic bags) to small scale farmers with focus on selected value chains. | F21: Pillar 2: ECONOMIC INCLUSION | G21: ILO | J21: 300000 | M21: =SUM(H21:L21) -> 300000 | N21: White Nile state and Kassala state | O21: 2024-2026 | P21: Refugees, IDPs and HC | Q21: Ministry of Agriculture. Ministry of Trade. Labour offices in the states. Private Sector | S21: Access to basic services
A22: 2.4 | B22: Institutionalizing entrepreneurship promotion | C22: Collective intervention | D22: MACP | E22: This intervention aims to build on the intervention and achievements of the first phase, which has reached 2700 entrepreneurs with capacity building, market linkages and mentorship services. While this scope of work has been delivered by a Service Provide that ILO has capacitated, in the second phase the priority will be to embedded this in government and quasi government technical units. This intervention will build the capacity of 6 relevant government technical units and quasi government financial institutions to provide business training and mentorship to 10,000 woman and man from both the Host and Forcibly Displaced Communities. These units will be supported in their delivery by the Service Contractor that delivered the first phase, which will play a guiding role to ensure these new service providers learn from the lessons learned in the previous phase and reflect that in their implementation. The main aim of this intervention is to ensure the entrepreneurship training continues to be delivered in the country after the project ends which will be the pathway for sustainability of service delivery. | F22: Pillar 2: ECONOMIC INCLUSION | G22: ILO, UNHCR | I22: 150000 | J22: 200000 | M22: =SUM(H22:L22) -> 350000 | N22: White Nile state and Kassala state | O22: 2024-2027 | P22: Government and quasi government business support units. Entrepreneurs (HC&FDPs) from the age group between 18-59 | Q22: Ministry of Finance, SME development Unit | S22: Access to basic services
E23: UNHCR will facilitate promotion of income generating activities (IGA) that focus on women empowerment (fishery skills training in fish processing wet salted and drying fish, and net making) and complement skills training with ILO’s Start and Improve Your Business (SIYB). | F23: Pillar 2: ECONOMIC INCLUSION | G23: ILO, UNHCR | J23: 100000 | M23: =SUM(H23:L23) -> 100000 | N23: White Nile state and Kassala state | O23: 2024-2027 | P23: Government and quasi government business support units. Entrepreneurs (HC&FDPs) from the age group between 18-60 | Q23: Ministry of Finance, SME development Unit | S23: Access to basic services
A24: 2.5 | B24: Scaling up financial inclusion | C24: Collective intervention | D24: MACP | E24: This intervention will scale up the pilot of financial inclusion that was delivered in the first phase. The ILO will work with 4 Financial Institutions and build their capacity to design and provide fit to context financial services. Through working with these partners, the ILO will reach 10,000 client with loans and saving products as the market demands. In this phase the ILO will work with the partners to ensure they are capable of managing funds that are earmarked for FDPs and ensure they are reaching the targeted numbers are growing their portfolio for future clients after the project ends. Part of this interventions, the ILO will build the MFIs capacity to provide high quality microfinance services through the training packages of Making Microfinance work I and II. | F24: Pillar 2: ECONOMIC INCLUSION | G24: ILO, UNHCR | I24: 300000 | J24: 600000 | M24: =SUM(H24:L24) -> 900000 | N24: White Nile state and Kassala state | O24: 2024-2027 | P24: Government and quasi government business support units. Entrepreneurs (HC&FDPs) from the age group between 18-61 | Q24: Central Bank of Sudan, Microfinance Unit | S24: Access to basic services
E25: UNHCR together with ILO will facilitate initiation of microfinance initiatives using the Village Savings and Loans (VSL) concept, targeting refugee women and link them to MFIs. | F25: Pillar 2: ECONOMIC INCLUSION | G25: ILO, UNHCR | J25: 50000 | M25: =SUM(H25:L25) -> 50000 | N25: White Nile state and Kassala state | O25: 2024-2027 | S25: Access to socio-economic opportunities
A26: 2.6 | B26: Digitalization for entrepreneurs | C26: Collective intervention | D26: MACP | E26: This intervention will embed digitized versions of ILO training packages to ensure that entrepreneurs can access business tips and advice all year round. The ILO will partner with the private sector on this intervention to ensure a sustainable business model is developed so that the service is accessible after the project ends. This will also allow those who live in remote areas to access the service when the face to face option is not available. This intervention will reach 20,000 entrepreneur. AI technology will be utilized to ensure the content is context relevant depending on the locality the entrepreneur is working in. | F26: Pillar 2: ECONOMIC INCLUSION | G26: UNICEF and UNHCR | J26: 350000 | M26: =SUM(H26:L26) -> 350000 | N26: White Nile state and Kassala state | O26: 2024-2027 | Q26: The private sector | S26: Access to socio-economic opportunities
A27: 2.7 | B27: Provide access to financial services | C27: Collective intervention | D27: MACP | E27: Microfinance initiatives, including Village Savings and Loans (VSL) programs, targeting refugee/host community women and girls for livelihood initiatives as well VSL for youth for construction of improved latrines | F27: Pillar 2: ECONOMIC INCLUSION | G27: ILO, UNHCR and UNICEF | J27: 150000 | M27: =SUM(H27:L27) -> 150000 | N27: Kassala state | O27: 2024-2027 | S27: Access to socio-economic opportunities
A28: 2.8 | B28: Provision of support towards Vocational training initiatives | C28: Collective intervention | D28: MACP | E28: Provision of vocational training, apprenticeship opportunities and provision of relevant toolkits, targeting refugee and host community youths, women-headed households and people at risk of irregular onward movement. | F28: Pillar 2: ECONOMIC INCLUSION | G28: ILO, UNHCR and UNICEF | J28: 150000 | M28: =SUM(H28:L28) -> 150000 | N28: Kassala state | O28: 2024-2027 | S28: Access to socio-economic opportunities
A29: 2.9 | B29: Provide access to work permits | C29: Collective intervention | D29: MACP | E29: This will facilitate access to work permits in various agricultural production activities and support for individuals to facilitate movement of refugees and access to markets | F29: Pillar 2: ECONOMIC INCLUSION | G29: ILO and UNHCR | J29: 100000 | M29: =SUM(H29:L29) -> 100000 | N29: Kassala state | O29: 2024-2027 | S29: Access to socio-economic opportunities
A30: Pillar 3: PROTECTION AND SOCIAL PROTECTION | H30: =SUM(H31:H49) -> 5116155.9 | I30: =SUM(I31:I49) -> 3415000 | J30: =SUM(J31:J49) -> 500000 | K30: =SUM(K31:K49) -> 0 | L30: =SUM(K31:K49) -> 0 | M30: =SUM(H30:L30) -> 9031155.9
A31: 3.1 | B31: Joint policy advocacy and review of regulations to promote refugee inclusion into relevant legal and policy frameworks, particularly protection and social protection systems | C31: Collective intervention | D31: MACP | E31: Review of legal frameworks and policies to ensure inclusion of refugees in protection and social protection systems. Technical and targeted support to relevant authorities at federal and statal levels to convene regular joint policy dialogues to plan for legislation review and implementation to improve inclusion and foster refugee protection. Similarly, advocacy for review of National regulation and policy on Children protection for inclusion of refugee and other forcibly displaced children. Specifically UNICEF will focus on support to review and update the Child Act 2010 (revised but not approved in 2021), review of policy on alternative care, align SoPs on child protection case management and develop Social Work regulations and structure, review of birth registration legislation to ensure inclusion and overcome discrepancies among legislations | F31: Pillar 3: PROTECTION AND SOCIAL PROTECTION | G31: UNICEF, UNHCR, ILO | H31: 70000 | J31: 300000 | M31: =SUM(H31:L31) -> 370000 | N31: Kassala and White Nile | O31: 2024- 2027 | P31: Government authorities | Q31: Ministry of social welfare and National council for child welfare. Ministry of Justice | S31: Access to rights
A32: 3.2 | B32: Capacity building and strengthening of civil registration system, including support on rehabilitating/establish and equip civil registry offices to increase inclusive access | C32: Collective intervention | D32: MACP | E32: UNICEF and UNHCR will work at various level to support the re-opening of civil registry in the target localities, Including supporting rehabilitation (if/as needed) and equipment of civil registries to increase access, particularly in remote areas. The intervention will start from a rapid assessing the status of birth registration, including the functionality of the central civic registration database and it's current location, and the functionality of civic registration offices in the target localitites. Joint advocacy and capacity building of civil registry officials to overcome bureaucratic impediments particularly for refugee children, single mothers, adopted children starting from good practives in some States (i.e. related to the marriage certificate of parents, name for adopted children etc..). UNICEF and UNHCR will collborately seek to build the capacity building for civil registry officials in the respective locations to ensure access to birth documentation for refugees and HC. | F32: Pillar 3: PROTECTION AND SOCIAL PROTECTION | G32: UNHCR and UNICEF | H32: 250000 | I32: 200000 | M32: =SUM(H32:L32) -> 450000 | N32: Kassala and White Nile | O32: 2024- 2027 | P32: civil registry | Q32: Ministry of Interior/ civil registry offices | S32: Access to basic services
A33: 3.3 | B33: Promote legal identity for all, including birth registration and legal documentation | C33: Collective intervention | D33: MACP | E33: UNICEF and UNHCR will work with the authorities at various level to advocate for free birth registration implemented in practice (vs new MoF requests). The activity include Social and behavioral change interventions and awareness raising with the community in support of Birth registration and documentation. In Sudan current scenario it will also include supporting FDPs and Host in retrieving lost documentation and birth certificates crucial to prevent many Child Protection concerns (arrests or exploitation/trafficking during unsafe migration, family separation, child labour, children recruited or in contact with armed groups); as well as mobile teams and integration with other caimpaigns (such as vaccinations) to facilitate registration in remote areas. While in the long term more focus will be shifted on the interoperability between health facilities and civil registry. | F33: Pillar 3: PROTECTION AND SOCIAL PROTECTION | G33: UNICEF, UNHCR | H33: 252000 | I33: 180000 | N33: Kassala and White Nile | O33: 2024- 2027 | P33: FDPs and HC | S33: Access to basic services
A34: 3.4 | B34: Strengthening child protection system through support and comprehensive capacity building to the social service workforce, MosD/NCCW and partners including towards establishing a functioning National child protection case management system. | C34: Aligned intervention | D34: MACP | E34: UNICEF will continue in the effort to strenghthen the social service workforce and in the current context to avoid the systems from fully collapse. In the current scenario UNICEF will support the Social Service Workforce to mantain presence and improve capacity to ensure child protection service provision (case management, MHPSS, family tracing and reunification or alternative care for UASCs etc..). UNICEF, in coordination with the CP AoR and partners and with the support of an INGOs will lead a comprehensive programme to support steps towards re-esuming the establishment of a national Child Protection Case Management system. The steps will include: a) alignment of Standard Operating Procedures (SoPs) - including for refugee camps settings, b) Training of Trainers targeting social workers from MoSD/NCCW and 2 case workers from each CP actor - starting from Kassala as a pilot and then to be cascaded through a comprehensive 1 year training and on-job coaching. Intervention part of broader investment on child protection systems strengthening and capacity building of MoSD/NCCW/SCCW. In the short term the intervention include also a rapid mapping of the social service workforce and the different roles and responsibility, define incetives for each role and align across states and CP actors (through the CP AoR) to avoid issues related to discrepancies and lack of retaliation capacity from the authorities Vs INGO/UN. In the scenario of a peasiful Sudan with recognized institution work on social service workforce regulations will be resumed. UNHCR will also support and coordinate with MoSD social workers for protection and child protection matter through Capacity building for ministry of social welfare and local partners for strengthening the national child protection systems. Enhancement of digitalization of case management in refugee context in coordination with prospects partners. | F34: Pillar 3: PROTECTION AND SOCIAL PROTECTION | G34: UNICEF and UNHCR | H34: 370000 | M34: =SUM(H34:L34) -> 370000 | N34: Kassala and White Nile | O34: 2024- 2027 | P34: Social service workforce | Q34: Ministry of social welfare and National council for child welfare. | S34: Access to basic services
A35: 3.5 | B35: Provision and facilitated access to specialized protection services through Case Management & Referral (MHPSS, medical aid, legal aid, FTR/alternative care for UASCs, GBV response etc..) particulaly for UASCs, MRM, GBV, VAC cases | C35: Aligned intervention | D35: MACP | E35: UNICEF and UNHCR will support the provision and access to child protection specialized services and information for FDPs and HCs through coordinated Case Management & referral to services, including MHPSS, health referral, GBV response, Best interests Aassessment and determination (BIA/BIDs) and consequent family tracing and reunification or alternative care for UASCs, piloting of emergency foster families. The intervention and capacity building in activity 3.5 will be cascaded to the case worker in the field and ensure the implementation of uniform SoPs and forms by the various Child Protection Actors. The intervention include ensuring the presence of referral pathway, service provision and support to the victims in accessing the referred services | F35: Pillar 3: PROTECTION AND SOCIAL PROTECTION | G35: UNICEF, UNHCR | H35: 800000 | I35: 1031650 | M35: =SUM(H35:L35) -> 1831650 | N35: Kassala and White Nile | O35: 2024- 2027 | P35: Children, girl and boys from FDCs and HC | Q35: Ministry of social welfare and National council for child welfare. | S35: Access to basic services
A36: 3.6 | B36: Inclusive Child Protection Information Management system CPIMS+/Primero integrated nationally and piloted | C36: Partner specific/ aligned | D36: MACP | E36: UNICEF will lead the roll out of CPIMS+/PRIMERO, boosting its use in selected piloting States (i.e. Kassala) and cascade its use throughout CP AoR and CP actors. In collaboration with UNHCR and its partners that will adopt PRiMERO for case management in refugee camps. Currently CP AoR partners at national level have been trained by UNICEF - including through technical support from UNICEF HQ and RO, to boost the registration of UASCs in PRIMERO; this intervention will ensure 1. to cascade the training in the States 2. to provide continuos technical assistence, including by UNICEF MENARO, to record the full case management of UASCs in country (in the short term). In ther longer term the PRIMERO CPIMS+ will provide the opportunity to improve cross-border case management of UASCs including to link the separeted children with their parents or caregivers. In addition CPIMS+ will support the evidence generation with data on UASCs which are often difficult to report and inform adeguate programme interventions. | F36: Pillar 3: PROTECTION AND SOCIAL PROTECTION | G36: UNICEF, UNHCR | H36: 120000 | M36: =SUM(H36:L36) -> 120000 | N36: Kassala and White Nile | O36: 2024- 2027 | P36: Children, girl and boys from FDCs and HC | Q36: Ministry of social welfare and National council for child welfare. | S36: Access to basic services
A37: 3.7 | B37: Access to a Protective environment through community based approach by the establishment/strengthening and capacity building of community structures as Community Based Protection and CP Networks (CBCPN) and community awareness campaigns | C37: Aligned intervention | D37: MACP | E37: Strengthen the capacity and resilience of the existing community structure through refresher training on child protection, GBV, positive coping mechanism during emergency. Ensure development and sharing of ToRs and support their sustainability. UNICEF will support the establishment or re-ativation of Community based Child Protection Network in the target localities and will build their capacity to identintify children vulnerable cases(including victims of grave violations) and referr them, awareness on child protection risks in the current context such us unsafe a) migration/smuggling, trafficking,b) prevention of family separation, exploitation, c) risk of recruitment in armed groups, d) age appropriate explosive ordinance Risk Education (EORE), e) risks of forced arrests and migration detention, enhancing alternative measures to detention for youth in contact with the law. Strengthen community capacity and resilience with focus on community structures (new and existing ones) comprising of Child Protection Committees, GBV task forces, among others leadership structures for sustainability. Comprehensive GBV assessment to identify and mitigate risks. This will be achieved through trainings/refresher trainings on the various protection principles/standards, positive mechanisms during emergency, timely and enhanced communication through dialogues, provision of phones to the leadership structures, airtime, establishment of protection facilities to report concerns. Rehabilitation and equipment of women's centers and conducting workshops and training sessions for the Elected Refugee Committees and their extended community volunteers on GBV and domestic violence. In addition to COR staff, refugees from respective camps will be coached to cooperate with UNHCR as protection community volunteers in their communities regularly. This will help reduce and prevent incidents of GBV and PSEA among forcibly displaced people, and victims are supported. | F37: Pillar 3: PROTECTION AND SOCIAL PROTECTION | G37: UNICEF and UNHCR | H37: 175000 | I37: 415000 | M37: =SUM(H37:L37) -> 590000 | N37: Kassala and White Nile | O37: 2024- 2027 | P37: Community-based structures in FDP and HC | Q37: Ministry of social welfare and National council for child welfare. | S37: Access to basic services
A38: 3.8 | B38: Develop and roll-out plans for prevention of family separation and alternative care arrangement for UASCs/ children without parental care and children with disability, including through communication strategy, behavioral change campaigns and advocacy, parenting and support to foster families | C38: Partner specific intervention | D38: MACP | E38: In the current context there is high risk of family separation, for various reason: during the displacement, family decinisions to divide to pursue various opportunities in country and out of the country. In addition, FDs particularly girl, young women, single mother and the increade number of poor households are struggling to provide for their families and children; in addition the high incidence of GBV and rape cases (even though it is reported only the tip of the iceberg) it is expected to increase unwanted pregnancy and children abandonment. Those risks add up to the already exsisting high rate of abandonment of vulnerable groups of children as disable children and children born out of wedlock. The behavioural change communication strategy aim to target those specific thematics to sensitivize the community in overcoming stigma against those children, reduce family separation including through further support for those parents/families (link with MCCT+ in Kassala) as well as support the MoSD in establishing foster care programme and volunteer programme for children with multiple vulnerabilities for example UASC/children without parental care with disability. | F38: Pillar 3: PROTECTION AND SOCIAL PROTECTION | G38: UNICEF | H38: 366370 | N38: Kassala and White Nile | O38: 2024- 2027 | Q38: Ministry of social welfare and National council for child welfare. | S38: Access to basic services
A39: 3. 9 | B39: Gender responsive and age appropriate prevention, risk mitigation and response to GBV, including FGM and child marriage, including meaningful youth engagement in awareness raising and service dissemination through the adoption of innovative tools to overcome stigma and access barriers (i.e. remote confidential access to counseling for mental health) | C39: Partner specific intervention | D39: MACP | E39: "The intervention aim to ensure quality, coordinated, survivor-centred, gender and age- appropriate prevention, risk mitigation and response services are available and used by survivors of GBV including FGM and Child Marriage and other at risk groups. The interevention will start with an interagency assessment in the target localities on GBV and access barriers, including gender-related cultural and social norms. To respond to increased evidence of GBV and rape in the country UNICEF will engage community, particularly girls and youth in awareness raising, prevention and response to various forms of violence, abuses and gender-based violence including by supporting functiong referral pathway and presence of services and by facilitating digital access to remote/digital confidential professional counselling (U-Support Me app). This will allow both, to overcome the lack of access to and presence of professional counselling particularly in remote areas, as well as overcome the barrier of law use of the service (if/when available) dur to social norms and stigma. Work with youth will be done on social behavioral change. For the youngest children UNICEF will establish girls club in the schools to raise awareness on protection risks as GBV, FGM, Child Marriage, violence against children; as well as promote the presence of social workers as entry point for vulnerable cases identification. | F39: Pillar 3: PROTECTION AND SOCIAL PROTECTION | G39: UNICEF | H39: 400000 | M39: =SUM(H39:L39) -> 400000 | N39: Kassala and White Nile | O39: 2024- 2027 | Q39: Ministry of social welfare and National council for child welfare. | S39: Access to basic services
A40: 3.1 | B40: Construction/rehabilitation or establishment of mobile/semi-permanent gender and diversity responsive community centers and child friendly spaces, including for provision of MHPSS | C40: Collective intervention | D40: MACP | E40: The community centers will serve as hubs for implementing community initiatives. While CFS will focus on providing a safe spaces for children to healing and receive MHPSSservices including through recreational activities as well as entry point for identification of vulnerable cases (UASC, survivor of GBV etc..) and provision of Child Protection case management and referral to specialized services. The center will also be used for playful awareness raising on Child Protection risks to the children themselves and in the community. Capacity building for refugees and HC leaders on refugee legal rights will be carried out by UNHCR in the community centers. | F40: Pillar 3: PROTECTION AND SOCIAL PROTECTION | G40: UNHCR, UNICEF and ILO | H40: 860000 | I40: 1340800 | J40: 200000 | M40: =SUM(H40:L40) -> 2400800 | N40: Kassala and White Nile | O40: 2024- 2027 | Q40: Ministry of social welfare and National council for child welfare. | S40: Access to basic services
A41: 3.11 | B41: Ensure refugees have continuous access to asylum and fair justice system | C41: Partner specific | D41: MACP | E41: Upscaling COR staffing capacity in the both locations including the reception center to ensure timely registration of new arrivals and RSD procedures. This will help avoid creating a backlog, reduce long waiting times, and, more importantly, allow the application of standard RSD procedures, reducing risk rejections. Add to this, it will enable access to ID documents and full access to all available services, including health referrals. Supporting the RSD Appeal Board to convene adjudicatory meetings regularly and on an ad hoc basis reviewing rejected cases. (3.3a) Rehabilitation and equipment of protection help desk facilities in the camps to improve refugees' access to UNHCR in their own neighborhood. This will ensure refugees, particularly women and elderlies, do not incur unaffordable transportation costs to move from residing camps to reception centers in order to seek protection counselling. Add to this, it will help avoid crowds in the reception center. | F41: Pillar 3: PROTECTION AND SOCIAL PROTECTION | G41: UNHCR | M41: =SUM(H41:L41) -> 0 | N41: Kassala and White Nile | O41: 2024- 2027 | P41: Government officials- COR, Judiciary , Police, Immigration officials etc. | Q41: COR | S41: Access to rights
A42: 3.12 | B42: Capacity building and strengthening of protection/social protection understanding among the law enforcement authorities | C42: Aligned intervention | D42: MACP | E42: Capacity-building workshops for law enforcement agents, including border police, judiciaries and independent refugee lawyers, to enhance access to territory, asylum and legal systems- Kassala and White. UNICEF will focus on child-friendly - gender and diversity sensitive justice through capacity building of justice officials and law enforcement, dedicated child-friendly justice staff and institutions (i.e. child judge, child court), work with FCPUs, law enforcement and community with a focus on alternative to detention measures and end of migration detention while ensuring providion of MHPSS and gender appropriate interventions (i.e. separate rooms and latrines different entrance/waiting room/path for victims and abusers) | F42: Pillar 3: PROTECTION AND SOCIAL PROTECTION | G42: UNHCR and UNICEF | H42: 301000 | I42: 45050 | M42: =SUM(H42:L42) -> 346050 | N42: Kassala and White Nile | O42: 2024- 2027 | P42: Refugee and children in contact with the law | Q42: Government officials- COR, Judiciary , Police, Immigration officials etc., Ministry of social welfare and National council for child welfare. | S42: Access to rights
A43: 3.13 | B43: Access to durable solutions | C43: partner specific | D43: MACP | E43: Constructing office facilities / multipurpose centers in the two locations including office space for the Refugee-Led Organizations . Procurement of the necessary equipment's to build their capacities and prepare them better for partnering with UNHCR and other agencies. This will enhance community engagement in taking up gradually their own responsibilities and ownership, thus reducing their dependencies on aid agencies and implementing partners in the long term. | F43: Pillar 3: PROTECTION AND SOCIAL PROTECTION | G43: UNHCR | I43: 105000 | M43: =SUM(H43:L43) -> 105000 | N43: Kassala and White Nile | O43: 2024- 2027 | P43: Refugees | Q43: COR | S43: Access to services
C44: partner specific | D44: MACP | E44: Facilitate and systematically support the voluntary return of refugees to their country of origin, mostly Somalis and South Sudanese but also others.(ASR) | F44: Pillar 3: PROTECTION AND SOCIAL PROTECTION | G44: UNHCR | M44: =SUM(H44:L44) -> 0 | N44: Kassala and White Nile | O44: 2024- 2027 | P44: Refugees | Q44: CoR | S44: Access to rights
A45: 3.14 | B45: Transitional approach from camps to integrated settlement/cities/municipalities benefiting to both host communities and refugees- modelling camp integrated camp approach in White Nile as well as new planned camp in While Nile | C45: Aligned intervention | D45: MACP | E45: Implementing peaceful coexistence projects jointly for refugees including refugee youth and host communities to encourage strengthening peaceful activities and existence along with each other. All interventions proposed by UNICEF will target jointly member from the refugee and host communities, including urban refugees children often falling through the crack and lacking access to services due to the encampment policy. UNICEF work with local authorities will help in leveraging for refugee access to services in the host community | F45: Pillar 3: PROTECTION AND SOCIAL PROTECTION | G45: UNHCR and UNICEF | M45: =SUM(H45:L45) -> 0 | N45: White Nile | O45: 2024- 2027 | P45: Refugee, IDPs and HC | Q45: CoR and Local government | S45: Access to basic services
A46: 3.15 | B46: Counter-trafficking | C46: Collective intervention | D46: MACP | E46: UNHCR and UNICEF will continue efforts on prevention of trafficking, including thorugh engagement in the National Mixed Migration and Anti-trafficking task force, and follow up on the Action plan against human trafficking as well as engage in regional/global events and technical guidance. Adapt the SAFECHOOLS Skill-Set Human Trafficking Resilience Program curriculum and conduct trainings for teachers, Youth leaders and partner social workers at Child Friendly spaces. Teachers, youth leaders and social workers will train children and youth to develop self-awareness, resilience and ability to recover from trauma. This program will help protect children and youth from being vulnerable to victimization. The intervention will also (1) Engage a team of refugee community volunteers in community outreach and protection monitoring in the refugee camps and also procure a full public address system to strengthen mass awareness activities and CWC activities.(2) Develop and print IEC materials which will include banners, and posters on smuggling and trafficking, human rights and labour laws, which will be set up in different strategic refugee locations in the camps and settlement. (3) Run the telling the True story for refugees. | F46: Pillar 3: PROTECTION AND SOCIAL PROTECTION | G46: UNHCR and UNICEF | H46: 50183 | M46: =SUM(H46:L46) -> 50183 | N46: Kassala state | O46: 2024- 2027 | P46: Refugee, Asylum seekers & Immigrants | Q46: CoR, border official, Ministry of Interior, Ministry of Justice, Ministry of social welfare and National council for child welfare. | S46: Access to basic services
B47: Youth meaningful engagement in Peacebuilding and awareness raising on protection risks | C47: partner specific | D47: MACP | E47: UNHCR will undertake several initiatives that promote peacebuilding in localities hosting refugees, IDPs and host communities aimed at contributing to increased protection space for forcibly displaced young people and their host communities. These initiatives will include: (1) supporting the sport-based activities in Kassala where other protection-related themes will be undertaken and disseminating peaceful coexistence messages. (2) promote arts programmes at the established multipurpose centre to provide opportunities for young artists to acquire skills, develop their craft and provide opportunities for them to earn through their craft. The programme will also create art materials and run themed exhibitions in Kassala, which will include issues such as human trafficking, (3) Pilot the establishment of two refugee run Libraries in the camps and in urban localities hosting refugees to promote learning, youth development, innovation, and creativity. This will include the acquisition of books and portable reading devices; installation of solar lighting; and equipping the centers. | F47: Pillar 3: PROTECTION AND SOCIAL PROTECTION | G47: UNHCR | M47: =SUM(H47:L47) -> 0 | N47: Kassala state | O47: 2024- 2027 | P47: refugees and HC | Q47: CoR | S47: Access to basic services
C48: partner specific / aligned | D48: MACP | E48: UNICEF will support the existing or establishment of new Youth forum and Youth-led groups and engage them in advocacy on subject that matters to them (through U-Report) and linking their bottom up advocacy with Youth-led external advocacy including through the Sudanse UNICEF Youth embassador. UNICEF will initiate intervention for Youth and adolescents in the CFS/SLS and existing CASS in the target localities, including through the adoption of the Adolescent Kit, by engaging them in the consultation, planning and implementation of intervations in the area, ensuring their representation in the CBCPNs. In particular the youth engagement will be fostered in awareness raising on protection risks such as: a) age appropriate explosive ordinance Risk Education (EORE) b) risks associated with unsafe migration and risks of trafficking c) risk of recruitment in armed groups d) risks of exploitation and child worse form of child labour e) PSEA reporting channel, GBV including FGM/Saleema campaigns and child marriage d) AAP reporting channels | F48: Pillar 3: PROTECTION AND SOCIAL PROTECTION | G48: UNICEF | H48: 350000 | M48: =SUM(H48:L48) -> 350000 | N48: Kassala and White Nile | O48: 2024- 2027 | P48: girls and boys from FDPs and HC | Q48: Ministry of social welfare and National council for child welfare, Ministry for youth and sports | S48: Access to basic services
A49: 3.16 | B49: Technical support for protection intervention | C49: Partner specific | D49: MACP | E49: Technical support for protection intervention | F49: Pillar 3: PROTECTION AND SOCIAL PROTECTION | G49: UNICEF | H49: 751602.91 | I49: 97500 | M49: =SUM(H49:L49) -> 849102.91 | N49: Kassala and White Nile | O49: 2024- 2027 | S49: Access to basic services
A50: SOCIAL PROTECTION | H50: =SUM(H51:H53) -> 325000 | I50: =SUM(I51:I53) -> 0 | J50: =SUM(J51:J53) -> 50000 | K50: =SUM(K51:K53) -> 0 | L50: =SUM(L51:L53) -> 0 | M50: =SUM(H50:L50) -> 375000
A51: 3.19 | B51: Inclusive Social Protection regulation and strategy | C51: Collective intervention | E51: Advocate and support the authorities to ensure social protection regulation and strategy are inclusive for FDPs. This intervention will aim to build on the draft strategy, advocate that the approved version is inclusive of refugees and other FDPs and put the basis for it's implementation when the context will allow. Steps: 1. Resume contact with the focal point in the MoSD to verify the approval status of the draft social policy strategy 2. Depending on its status advocate for convening the technical commettee to either proceed with the approval or if already approved develope an implementation plan 3. Provide technical support for ensuring and monitoring inclusiveness of FDPs as well as gender and diversity lens. | F51: Pillar 3: PROTECTION AND SOCIAL PROTECTION | G51: UNICEF, ILO, UNHCR | H51: 50000 | J51: 50000 | M51: =SUM(H51:L51) -> 100000 | N51: Kassala and White Nile | O51: 2024- 2027
A52: 3.2 | B52: Support frontline workers with cash transfer to allow maintaining service provision | C52: partner specific | D52: MACP | E52: Expand piloting of CIU payment for frontline workers (social workers), family support especially to single-headed households, young mothers, emergency foster families, to prevent family separation. This intervention will allow frontline workers to keep providing services and avoid the system from collapsing | F52: Pillar 3: PROTECTION AND SOCIAL PROTECTION | G52: UNICEF | H52: 250000 | M52: =SUM(H52:L52) -> 250000 | N52: Kassala and White Nile | O52: 2024- 2027
A53: 3.21 | B53: Proof of concept/Costed analysis on alternative care (emergency foster family/community based arrangements for UASCs and foster families for children without parental care with disabilities ) | C53: Collective intervention | D53: MACP | E53: Costed analysis/proof of concept paper on alternative care (family/community based arrangements for UASCs. UNICEF will support the MoSD in having a costed analysis to guide a more sustainable alternative care system, including placement in emergency foster families for UASCs and disable children and Kafala adoption for abandoned/children without parental care. The costed analysis will provide the evidence needed to advocate for funding to the Ministry of Finance while also suggesting possible use of the country reveneu (i.e. The intervention aims to strengthen child protection response and empowerment of the foster families to take care of the vulnerable UASCs living independently and/or in foster care, and at-risk children. A costed analysis will be developed to guide the MoSD to self-sustain in the longer term the alternative care system. While UNHCR will provide cash assistance to enable targeted refugee families (usually of same nationality of the child) to access diverse basic services with dignity and prevent refugee children from being exposed to protection risks including child labour, and onward movement. The same foster families will also be targeted with income-generating interventions to sustain the support of the vulnerable children in the medium and future period. For UNICEF this is only for the costed analysis paper, the intervation to support UASCs and foster families is in 3.9 | F53: Pillar 3: PROTECTION AND SOCIAL PROTECTION | G53: UNICEF & UNHCR | H53: 25000 | M53: =SUM(H53:L53) -> 25000 | N53: Kassala state and White Nile | O53: 2024- 2027
A54: Pillar 4: CRITICAL INFRASTRUCTURE | H54: =SUM(H55:H63) -> 1158636.5 | I54: =SUM(I55:I63) -> 1364293.4 | J54: =SUM(J55:J63) -> 2495000 | K54: =SUM(K55:K63) -> 0 | L54: =SUM(L55:L63) -> 0 | M54: =+SUM(H54:L54) -> 5017929.9
A55: 4. 1 | B55: Improved access to gender and diversity responsive WASH facilities by refugees and host communities" | C55: Collective intervention | D55: MACP | E55: Apply ILO's integrated rural accessibility planning (IRAP) tool, to identify WASH infrastructural needs and gaps in refugees’ camps, schools, child friendly spaces/safe learning spaces, and community/youth centres and work with public health and nutrition authorities to address potential causes of waterborne disease and malnutrition and reduce the health risks associated with poor water quality, and poor sanitation and hygiene services and practices. The partners will work on providing safe access to reliable and potable water supply, sanitation, hygiene practices, health, relevant for nutrition services as well. All WASH facilities and water connections will be inclusive, gender-responsive and climate-resilient. | F55: Pillar 4: CRITICAL INFRASTRUCTURE | G55: UNHCR, UNICEF, ILO | H55: 25000 | J55: 70000 | M55: =SUM(H55:L55) -> 95000 | N55: White Nile and Kassala states | O55: 2024-2026 | P55: Refugees and HC | Q55: Ministry of health Ministry of infrastructure. Labour offices in the states | S55: Access to basic services
E56: The construction of climate-resilient, gender and diversity-responsive WASH facilities (handwashing facilities, communal latrines, shower blocks, and washing slabs for clothes and food dishes) in refugees camps, host community areas, schools/safe learning spaces and child friendly spaces with adequate water supply connection, solar powered water points, drainage, and wastewater disposal. Gender and disability responsive facilities will be ensured through the establishment of separate latrines for girls and boys, ensuring illumination to reduce darkness and protection risks, accessible for persons with disabilities. UNICEF will also promote GBV/FGM/saleema messages through WASH facilities and water tanks. Hygiene Promotion activities will be initiated at the start of the works to ensure that where possible refugees and host community members are involved in making decisions about the design and siting of facilities, so that they are used in the most efficient and effective ways possible. The ILO and UNICEF will form and train Hygiene promoters (represented equally from refugees and host communities) to promote the efficient use and maintenance of facilities and advise on ways to make it more effective. | F56: Pillar 4: CRITICAL INFRASTRUCTURE | G56: UNHCR, UNICEF, ILO | H56: 700000 | I56: 1142423.4 | J56: 800000 | M56: =SUM(H56:L56) -> 2642423.4 | N56: White Nile and Kassala states | O56: 2024-2027 | P56: Refugees and HC | Q56: Ministry of health Ministry of infrastructure. Labour offices in the state's water corporation authorities | S56: Access to basic services
E57: Facilitate and incorporate livelihoods activities in WASH sector to promote employment and jobs creations. UNHCR and UNICEF will work with ILO to facilitate the creation of women/youth led cooperatives and small enterprises and actively engage them in economic activities (such as production of re-usable sanitary pads/diapers, production of affordable latrine slabs, and mobilizing existing youth engaged in water delivery business (via donkey carts) to form a cooperative, and train and support them on the delivery of "safe" water through youth enterprenuers via an online App). | F57: Pillar 4: CRITICAL INFRASTRUCTURE | G57: UNHCR, UNICEF, ILO | H57: 150000 | J57: 100000 | M57: =SUM(H57:L57) -> 250000 | N57: White Nile and Kassala states | O57: 2024-2027 | P57: Refugees and HC | Q57: Ministry of health, Labour offices in the state's water corporation authorities | S57: Access to socio-economic opportunities
A58: 4.2 Enhanced management, capacity, and sustainability for critical infrastructure | B58: Capacity building for government institution at state and federal level and Youth on green/climate sensitive water facilities maintenance and waste management | C58: Collective intervention | D58: MACP | E58: Encouraging the community engagement and participation through involvement in the planning, design, implementation and monitoring of the housing/shelter project to ensure the sustainability and ownership. This activity will also include the establishment and training of community maintenance groups (equally represented by refugees and host community) to operate and maintain the assets constructed and provide WASH-related services including safety, hygiene, and health measures. ​The partnership, led by ILO will engage these groups in the design and implementation of activities, and they will assume the role of maintaining those assets after the handover. | F58: Pillar 4: CRITICAL INFRASTRUCTURE | G58: UNHCR, UNICEF, ILO | H58: 125000 | J58: 150000 | M58: =SUM(H58:L58) -> 275000 | N58: White Nile and Kassala states | O58: 2024-2026 | P58: Refugees and HC | Q58: Ministry of health Ministry of infrastructure. Labour offices in the state's water corporation authorities | S58: Access to basic services
E59: To ensure sustainability of interventions, the agencies will build the capacities of private sector contractors, refugees led organizations (RLOs), local community and government institutions on EIIP methodologies, green local resource-based approaches, gender and social inclusion (GESI), labour standard conditions, contracting clauses and monitoring tools to ensure the application of decent work principles. The ILO will build the national capacity through organizing TOTs on EIIP methodologies and OSH in construction sectors. This will create a network of certified local trainers with transferable knowledge and skills on EIIP methodologies and OSH and enable them to monitor and advise new small-scale contractors in their daily work. | F59: Pillar 4: CRITICAL INFRASTRUCTURE | G59: UNHCR, UNICEF, ILO | J59: 200000 | M59: =SUM(H59:L59) -> 200000 | N59: White Nile and Kassala states | O59: 2024-2026 | P59: Refugees and HC | Q59: Ministry of health Ministry of infrastructure. Labour offices in the states water corporation authorities | S59: Access to basic services
A60: 4.3 Improved access to quality and affordable housing by FDPs and HCs | B60: Provision of affordable and sustainable housing options | C60: Collective intervention | D60: MACP | E60: This activity involves building durable housing units using eco-friendly materials (brick) with better access to WASH facilities, clean water sources, renewable energy (solar panels) to improve the living conditions of refugees and host community. The partners will work jointly in the selection of lands and beneficaries from both host community and refugees, UNICEF will lead in the identification of vulnerable households (with single mothers/female-headed households, people or children with special needs etc ...). The ILO and UNHCR will lead this intervention, while UNICEF will provide technical support and assistance in the WASH activities. | F60: Pillar 4: Critical Infrastructure | G60: UNHCR, UNICEF, ILO | I60: 83720 | J60: 1000000 | M60: =SUM(H60:L60) -> 1083720 | N60: White Nile and Kassala states | O60: 2024-2027 | P60: Refugees and HC | Q60: Ministry of health Ministry of infrastructure. Labour offices in the state's water corporation authorities | S60: Access to basic services
B61: Policy Advocacy and Coordination | E61: This activity includes working with governments and other stakeholders to review the buidling/construction codes and ensure that policies and regulations support the provision of adequate housing for all, create awareness of the benefits of reneweable energy, green construction, green technologies and materials and their potential to drive inclusive green growth. This activity will also include policy revview for Occupational Safety and Health (OSH) measures in the construction sector. | F61: Pillar 4: Critical Infrastructure | G61: UNHCR, UNICEF, ILO | J61: 100000 | M61: =SUM(H61:L61) -> 100000 | N61: White Nile and Kassala states | O61: 2024-2027 | P61: Refugees and HC | Q61: Ministry of health Ministry of infrastructure. Labour offices in the state's water corporation authorities
A62: 4.4 Improved inclusive access to digital connectivity and internet for FDPs and HCs | B62: Youth engaged on resilience and self-empowerment digital connectivity | C62: Collective intervention | D62: MACP | E62: Youth and adolescents will be facilitated in their learning though Internet connection in UNICEF-led initiative of e-learning thorugh solar powered infrastructure. In addition, as mentioned in the pillars above, youth will be actively engaged through various digital tools that UNICEF is assessing that will facilitate expressing their needs (U-report) and access to services (UNICEF is exploring with the Innovation Unit feasibility of various app such as fun doo for life coaching and for psycho-social support). | F62: Pillar 4: CRITICAL INFRASTRUCTURE | G62: UNHCR, UNICEF, ILO | J62: 75000 | M62: =SUM(H62:L62) -> 75000 | N62: White Nile and Kassala states | O62: 2024-2027 | P62: Refugees and HC | Q62: Ministry of health Ministry of infrastructure. Labour offices in the state's water corporation authorities
B63: TechnicaL support for WASH intervention | C63: Partner specific | D63: MACP | E63: TechnicaL support for WASH intervention | F63: Pillar 4: CRITICAL INFRASTRUCTURE | G63: UNICEF | H63: 158636.47 | I63: 138150
A64: CROSS-CUTTING | H64: =SUM(H65:H69) -> 362956.2 | I64: =SUM(I65:I69) -> 400000 | J64: =SUM(J65:J68) -> 300000 | K64: =SUM(K65:K68) -> 0 | L64: =SUM(L65:L68) -> 0 | M64: =SUM(H64:L64) -> 1062956.2
B65: Joint Evidence generation (data collection and assessments, baseline and endline, learning and advocacy brief), monitoring, NWOW/partnership support and communication | C65: Collective intervention | D65: MACP | E65: Joint Evidence generation (data collection and assessments, baseline and endline, documentation, learning and advocacy brief), monitoring, NWOW/partnership support, knowledge-sharing and communication | F65: CROSS-CUTTING | G65: UNHCR, UNICEF, ILO | H65: 70000 | I65: 50000 | J65: 100000 | M65: =SUM(H65:L65) -> 220000
B66: Rapid assessment/actionable research of gender and disability related barriers to access services and rights in the target localities and actionable reccomedations to inform interventions | C66: Collective intervention | D66: MACP | E66: Rapid assessment/actionable research of gender and inclusion barriers including disability to access services and rights in the target localities and actionable reccomedations to inform interventions | F66: CROSS-CUTTING | G66: UNHCR, UNICEF, ILO | H66: 40000 | I66: 50000 | J66: 100000 | M66: =SUM(H66:L66) -> 190000
B67: Youth-led mapping of youth-led/girls-led groups and initiatives in their community in the target localities; and development of a Youth empowerment pathway plan to inform programme reviews and learnings | C67: Collective intervention | D67: MACP | E67: Youth-led mapping of youth-led/girls-led groups and initiatives in their community in the target localities; and development of a Youth empowerment pathway plan to inform programme reviews and learnings | F67: CROSS-CUTTING | G67: UNHCR, UNICEF, ILO | H67: 50000 | J67: 80000 | M67: =SUM(H67:L67) -> 130000
B68: Establish safe PSEA reporting mechanisms, children safeguarding and AAP reporting channels | C68: Collective intervention | D68: MACP | E68: Safe PSEA reporting mechanisms, children safeguarding and AAP reporting channels | F68: CROSS-CUTTING | G68: UNHCR, UNICEF, ILO | H68: 40000 | I68: 20000 | J68: 20000 | M68: =SUM(H68:L68) -> 80000
B69: Technical support for Programme coordinaton, supporting internal and partnership coordination and overall project management | C69: Partner specific | D69: MACP | E69: The technical staff will support the overall management of the programme and support programme coordinaton, internal and partnership coordination at the different | F69: CROSS-CUTTING | G69: UNICEF, UNHCR | H69: 162956.2 | I69: 280000 | J69: 49865 | M69: =SUM(H69:L69) -> 492821.2
A72: Total MACP activity costs USD | D72: Total OF activity costs USD
A73: Organization | B73: Total (2024-2027) | D73: Organization | E73: Total (2024-2027)
A74: UNHCR | B74: =SUM(I3:I69) -> 13841487 | D74: UNHCR | E74: =SUM(L3:L69) -> 0
A75: UNICEF | B75: =SUM(H3:H69) -> 19316470 | D75: UNICEF | E75: 0
A76: UNICEF Cross-sectoral | B76: ='Tab 1 Budget summary'!C17 -> 1684598.3
A77: ILO | B77: =SUM(J3:J69) -> 15364332 | D77: ILO | E77: 0
A78: World Bank | B78: 0 | D78: World Bank | E78: 0
A79: IFC | B79: =SUM(L3:L69) -> 0 | D79: IFC | E79: 0
A80: Total | B80: =E498 -> 0 | D80: Total | E80: =SUM(E74:E79) -> 0

Sheet Tab 3 Policy Matrix
A2: Policy Priorities | B2: Key challenges | C2: Key milestones | D2: Key stakeholders | E2: Support through programming
A3: # 1.Refugees enjoy enhanced and unhindered access to asylum, including status determination, birth registration and documentation, inclusion in social services and can access durable solutions | B3: Encampment policy New restrictions on movements for FDPs/curfews in imposed in some locations Low capacity by the relevant government department to carry out registration, Judiciary, civil registry due to displacement of key policy/technical staff Uncertainty in country security in the near future. Lack of enabling environment for durable solution in the countries of origin Conflicting regulation on the age limit for free birth registration and bureaucratic impediments for refugee birth registration | C3: By the end of 2024, relevant entities in the targeted states (Kassala and WN), law enforcement agencies, HAC, CoR, judiciary and immigration officials will be sensitized on the IGAD protocol on free movement. By the end of 2025, the government will adopt a national plan for counter-trafficking which takes into account specific situation of forcibly displaced including newly displaced refugees, protracted refugees, and IDPs, upon re-establishing the functional federal state and relevant line ministry. By the end of 2026, refugee and host community children have access to free birth registration, and regulations on free birth registration for refugees will be aligned with the host community regulations by the government civil registry in line with the Sudan GRF 2019 pledge. By the end of 2026, UNHCR in collaboration with CoR will make significant steps in formulation of the Sudan national durable solution Plan ( IGAD-led) upon the resumptions of the federal state functions by the government of Sudan. By the end of 2027, Prospect partners, in collaboration with the relevant line ministries, have developed an action plan for the implementation of the IGAD regional Refugee Management policy. By the end of 2027, significant steps will be taken towards the adoption of re-configured national action plan on protection of civilians that takes into account specific situation of new refugees, protracted refugees and IDPs. | D3: "CoR, Council of Ministers, Ministry of Interior, Ministry of Social welfare development, IGAD, EU, UNCT country team, UNHRC, UNICREF , ILO | E3: Institutional strengthening of the relevant line ministries - civil registry, judicial and law enforcement agencies at the state and national levels to enhance access to services and rights for FDPs. The main intervention will include capacity building (asylum, child protection, refugee protection), infrastructure upgrades, and equipment. Programming interventions geared at transforming camps into integrated settlements that allow access to social services for both refugees and hosts. Settlements will offer refugees and host communities more opportunities to live independent and productive lives. They create a sense of community and long-term stability and provide shared access to basic services and livelihood opportunities. Settlements also offer opportunities for education and skill-building, which can help refugees become self-sufficient and integrate into their new society. They also offer more privacy and security for refugees. Enhanced community engagement via community networks and refugee/IDP-led organizations. The Propscts will mainly seek to establish/strengthen the networks and their capacity and provide support to ensure their functionality. Capacity development of authorities on international refugee protection and practices to implement relevant provisions under Sudan-South Sudan Solutions Initiate GCR; Country Roadmap Programming support to strengthen inclusive birth registration and ID systems (UNICEF, UNHCR). This will include support to the civil registry to be able to issue civic documents for national and FDPs.
A4: #.2.Access to the national education system for FDPs enhanced through inclusive policy formulation and programming at all levels of MoE . | B4: High-turnover of MoE staff responsible for refugee inclusion at all levels of education Displaced policy/technical federal Ministry of Education officials due to current conflict. Commission of Refugees resistance on advancement of refugee inclusion agenda without parliamentary approval of GCR pledge. Lack of a strategic framework and policy to support the implementation skills programme and TVET in Sudan Lack of updated curricula and certification mechanism with in the skills and TVET system. Uncertainty of the future of Republic of Sudan as an IGAD member state. | C4: By the end of 2024, the state MoE education and partner plans and education coordination mechanisms established will include FDPs to catalyze the incorporation of FDs in the national system. By the end of 2025, new national transitional education plans and Education Sector Plans initiated by the Local Education Group and MoE at the state and national levels will integrate non-formal and formal education FDPs. By the end of 2026, the Revised Sudan National Strategy and Costed Plan of Action for Refugee's Education will will be adopted federal MoE once operational. By the end of 2026, a harmonized skills development and TVET Policy will be drafted by Minsitry of of Education and the policy adopted by end of 2027 by development partners, Supreme Council and Technical Vocational Education and the Ministry of Education Development partners, state ministries, and the Federal Ministry of Education will adopt a new education, skills, TVET training programming, and financing plan for Sudan, inclusive of FDPs, by the end of 2027. | D4: World Bank, IGAD secretariat Ministry of Education at all level ( federal, state and locality) Ministry of Finance COR ,LEG members ( Donors , INGos and Local NGOs, UNHCR, ILO and UNICEF | E4: Mapping of existing inclusion Practices, policies and laws in basic education and TVET that facilitate or hinder the inclusion of FDPs education in the national system through desk review and documentation of past and present inclusive practices, existing policies and laws and inclusion with a view of identifying advocacy area and development of relevant policies idetified in the milestones. Programming interventions to schools targeting both FDPs and HC after conducting baseline assessment and mapping of the schools. Restoring and revitalizing schools to targetd states to provide non-formal and formal education through PTAs and community sensitization programs and provision of teaching materials, incentive payments alongside advocacy MoE to target initiatives that lead to revamping education services at the state and national levels. Advocate for inclusion on refugee education in new education programming ( Plan, strategies , framework) developed by MoE, donors and partners through mapping out them and taking active role in the development of the plans Support towards reviewing expired MoE of education plans/strategies that had inclusion of FDPs. This includes the Education sector plans at state and national level,
A5: # 3.Policy Priority: Inclusive child protection legislation and systems are in place, including inclusion of refugee children in the Child Protection case management system | B5: The Child Act 2010 is outdated and not aligned with the revised 2019 criminal code. A new Child Act 2020 was drafted by a technical committee led by MoSD/NCCW with UNICEF technical support, but due to the political instability it has not yet been approved Other challenges include: weak social welfare and Ministry of social welfare and development, further weakened by the conflict; displacement and high turn-over of the social service workforce and officials in some states; Lack of resources for service provision, officials not receiving salaries since April 2023; Difficult coordination effort with displaced authorities in some states. Crucial needs on aligning Child Protection Case Management procedures among actors to address the gaps on UASCs identification and assistance | C5: By the end of 2024, the Standard Operating Procedures for Child Protection Case Management system will include refugee children, and its functioning will be endorsed by authorities/coordination mechanisms in the target states. By the end of 2025, preparatory work to review policy and regulation on children without parental care/UASCs (alternative care) will be finalized and enacted by the end of 2026 by MoSD upon the government's resumption of its legislative function. By the end of 2026, support the relevant authorities in re-submitting the proposed Child Act 2020 (refugee-included) for approval. By the end of 2027, the government of Sudan will adopt an inclusive revised Child Act upon government resumption of its legislative function. | D5: Ministry of Social Welfare, National and National & State Council for Child Welfare, Ministry of Justice, COR, UNHCR UNICEF | E5: Programme interventions: 1.Support MoSD to re-resume the technical committee that drafted Child Act 2020 and have consultations to either advocate for approval or update if needed (ensuring inclusion is maintained) and re-submit for approval. 2. Technical support provided on policy and regulations review on children without parental care/UASCs alternative care as asked by the MoSD to UNICEF prior to the conflict. 3. On Child Protection Case Management: a) carry out a system assessment including rapid institutional and Social workers/case worker capacity gaps, building on previous mapping; b) UNICEF within the CP AoR to lead SoPs alignment, adaptation and implementation, UNHCR to facilitate adaptation for implementation in refugee camps c) UNICEF to lead National ToT piloted in few states 4. capacity building to roll out the Child Protection case management cascaded for all CP actors in the states. UNHCR to facilitate roll-out in refugee camps with counterparts and partners d) Parallel roll-out of CPIMS+/PRIMERO
A6: # 4.Inclusive Social Protection regulation and strategy in place | B6: Before the war UNICEF supported MoSD to develop a social protection strategy that is inclusive for FDPs, both refugees and IDPs, however in the current context it was not shared the final approved version. " Before the war UNICEF supported MoSD to develop a social protection strategy that is inclusive for FDPs, both refugees and IDPs, however the final approved document was not shared before the current conflict broke out . | C6: By the end of 2025, the new social protection strategy that is inclusive of FDPs will be re-introduced for discussion with relevant stakeholders and adopted by MoSD by the end of 2026. By the June 2027 a technical committee is formed to support MoSD in the monitoring inclusiveness of FDPs as well as gender and diversity lens. | D6: Ministry of Social Welfare, Ministry of Justice, Ministry of Health, Ministry of Finance | E6: Advocate and support the authorities to ensure social protection regulation and strategy are inclusive for FDPs. This intervention will aim to build on the draft strategy, advocate that the approved version is inclusive of refugees and other FDPs and put the basis for its implementation when the context will allow. Steps: 1. Resume contact with the focal point in the MoSD to verify the approval status of the draft social policy strategy 2. Depending on its status advocate for convening the technical commettee to either proceed with the approval or if already approved developed an implementation plan 3. Provide technical support for ensuring and monitoring inclusiveness of FDPs as well as gender and diversity lens
A7: #. 5. Economic inclusion and strengthened employment opportunities. | B7: Obstacles in accessing finance and capital are a more immediate and tangible barrier than the lack of legal provision for business registration. | C7: By the end of 2026, an approved MoU by COR and Telecoms organisations to recognise refugee ID cards as proof of identity will be adopted | D7: Ministry of Labour (Federal and State levels); Ministry of Finance; Central Bank of Sudan, Telecommunication and Post Regulatory Authority (TPRA) | E7: 1. Provide technical assistance in defining the scope and objectives of the guidelines - outlining what they will cover and the intended outcomes. 2. Facilitate Stakeholder Engagement - Identify and engage relevant stakeholders, including experts, practitioners, policymakers, and end-users and constitute a technical working group to draft the guidelines. 3. Facilitate expert Review and Validation of draft guidelines. 4. Finalize the guidelines. 5. Facilitate for submission for approval and signing. 6. Dissemination

Sheet Tab3b Policy Progress
A1: POLICY INFORMATION | F1: ASESSMENT | M1: CONTRIBUTION TO POLICY DEVELOPMENT | U1: Country Team Feedback on Policy Priorities | V1: Country Team Feedback on Milestones
A2: PILLAR | B2: RIGHT | C2: POLICY PRIORITIES (UNICEF Led) | D2: POLICY MILESTONES | E2: Link to Results Framework indicators | F2: Assessment (2024) | G2: Assessment (2025) | H2: Asessesment (2026) | I2: Asessesment (2027) | J2: Description of relevant contribution made | K2: Sources of Verification | L2: Phase II progress | M2: 1. Needs and evidence | N2: 2. Commitments | O2: 3. Policy adoption/prevention | P2: 4. Resourcing | Q2: 5. Implementation | R2: 6. Coverage and use | S2: 7. Monitoring and Evaluation | U2: Indicate below 1) whether the policy priority is UNICEF lead (Yes/No); if it is No UNICEF led, indicate what partner leads the policy priority; if it is led by UNICEF, indicate whether there is any milestone left out (not included in column D) | V2: Indicate below for each milestone whether 1) UNICEF leads (Yes/No), if it is No UNICEF led, indicate what partner leads the milestone; 2) if it is led by UNICEF, indicate what other partners contribute to the milestone (or say none if this is the case)
A3: EDUCATION | B3: Access to national education system | C3: 2.Access to the national education system for FDPs enhanced through inclusive policy formulation and programming at all levels of MoE . | D3: 2.1 By the end of 2024, the state MoE education and partner plans and education coordination mechanisms established will include FDPs to catalyze the incorporation of FDs in the national system. | E3: 1c) Evidence on how PROSPECTS has contributed to a change in legal frameworks, policies and asylum system related to access for refugees to education and training systems | F3: 1=No contribution to target | G3: 2=Initiated contribution to target | H3: 3=Approaches milestone target | I3: 4=Achieved milestone target | O3: X
D4: 2.2 By the end of 2025, new national transitional education plans and Education Sector Plans initiated by the Local Education Group and MoE at the state and national levels will integrate non-formal and formal education FDPs. | F4: 2=Initiated contribution to target | G4: 2=Initiated contribution to target | H4: 3=Approaches milestone target | O4: X | P4: X
D5: 2.3 By the end of 2026, the Revised Sudan National Strategy and Costed Plan of Action for Refugee's Education will be adopted federal MoE once operational. | F5: 2=Initiated contribution to target | G5: 3=Approaches milestone target | H5: 3=Approaches milestone target | O5: X | P5: X
D6: 2.4 By the end of 2026, a harmonized skills development and TVET Policy will be drafted by the Ministry of of Education and the policy adopted by end of 2027 by development partners, Supreme Council and Technical Vocational Education and the Ministry of Education | N6: X | O6: X | P6: X
D7: 2.5 Development partners, state ministries, and the Federal Ministry of Education will adopt a new education, skills, TVET training programming, and financing plan for Sudan, inclusive of FDPs, by the end of 2027. | O7: X | P7: X
A8: PROTECTION | B8: Access to national protection & case management | C8: 3. Policy Priority: Inclusive child protection legislation and systems are in place, including inclusion of refugee children in the Child Protection case management system | D8: 3.1 By the end of 2024, the Standard Operating Procedures for Child Protection Case Management system will include refugee children, and its functioning will be endorsed by authorities/coordination mechanisms in the target states. | E8: 3.1a) Evidence on how PROSPECTS has contributed to a change in legal frameworks, policies and asylum system related to protection and durable solutions for refugees in line with international legal standards ​​ | N8: X | O8: X | P8: X
D9: 3.2 By the end of 2025, preparatory work to review policy and regulation on children without parental care/UASCs (alternative care) will be finalized and enacted by the end of 2026 by MoSD upon the government's resumption of its legislative function. | N9: X | O9: X
D10: 3.3 By the end of 2026, support the relevant authorities in re-submitting the proposed Child Act 2020 (refugee-included) for approval. | N10: X | O10: X
D11: 3.4 By the end of 2027, the government of Sudan will adopt an inclusive revised Child Act upon government resumption of its legislative function. | N11: X | O11: X | P11: X
A12: SOCIAL PROTECTION | B12: Inclusion of Refugee & FDP in National Social Protection Systems | C12: 4.Inclusive Social Protection regulation and strategy in place | D12: 4.1 By the end of 2025, the new social protection strategy that is inclusive of FDPs will be re-introduced for discussion with relevant stakeholders and adopted by MoSD by the end of 2026. | E12: 3b) Evidence on how PROSPECTS has contributed to strengthen institutional capacity to include protection systems in national and sub-national systems and development planning | N12: X | O12: X | P12: X

Sheet Graphs
B1: FORMULA | F1: DATA
A2: Milestones | B2: 2024 | C2: 2025 | D2: 2026 | E2: 2027 | F2: 2024 | G2: 2025 | H2: 2026 | I2: 2027
A3: 2.1 By the end of 2024, the state MoE education and partner plans and education coordination mechanisms established will include FDPs to catalyze the incorporation of FDs in the national system. | B3: =IF('Tab3b Policy Progress'!F3="1=No contribution to target ",1,IF('Tab3b Policy Progress'!F3="2=Initiated contribution to target",2,IF('Tab3b Policy Progress'!F3="3=Approaches milestone target",3,IF('Tab3b Policy Progress'!F3="4=Achieved milestone target",4,"")))) -> 1 | C3: =IF('Tab3b Policy Progress'!G3="1=No contribution to target ",1,IF('Tab3b Policy Progress'!G3="2=Initiated contribution to target",2,IF('Tab3b Policy Progress'!G3="3=Approaches milestone target",3,IF('Tab3b Policy Progress'!G3="4=Achieved milestone target",4,"")))) -> 2 | D3: =IF('Tab3b Policy Progress'!H3="1=No contribution to target ",1,IF('Tab3b Policy Progress'!H3="2=Initiated contribution to target",2,IF('Tab3b Policy Progress'!H3="3=Approaches milestone target",3,IF('Tab3b Policy Progress'!H3="4=Achieved milestone target",4,"")))) -> 3 | E3: =IF('Tab3b Policy Progress'!I3="1=No contribution to target ",1,IF('Tab3b Policy Progress'!I3="2=Initiated contribution to target",2,IF('Tab3b Policy Progress'!I3="3=Approaches milestone target",3,IF('Tab3b Policy Progress'!I3="4=Achieved milestone target",4,"")))) -> 4 | F3: =B3 -> 1 | G3: =C3 -> 2 | H3: =D3 -> 3 | I3: =E3 -> 4
A4: 2.2 By the end of 2025, new national transitional education plans and Education Sector Plans initiated by the Local Education Group and MoE at the state and national levels will integrate non-formal and formal education FDPs. | B4: =IF('Tab3b Policy Progress'!F4="1=No contribution to target ",1,IF('Tab3b Policy Progress'!F4="2=Initiated contribution to target",2,IF('Tab3b Policy Progress'!F4="3=Approaches milestone target",3,IF('Tab3b Policy Progress'!F4="4=Achieved milestone target",4,"")))) -> 2 | C4: =IF('Tab3b Policy Progress'!G4="1=No contribution to target ",1,IF('Tab3b Policy Progress'!G4="2=Initiated contribution to target",2,IF('Tab3b Policy Progress'!G4="3=Approaches milestone target",3,IF('Tab3b Policy Progress'!G4="4=Achieved milestone target",4,"")))) -> 2 | D4: =IF('Tab3b Policy Progress'!H4="1=No contribution to target ",1,IF('Tab3b Policy Progress'!H4="2=Initiated contribution to target",2,IF('Tab3b Policy Progress'!H4="3=Approaches milestone target",3,IF('Tab3b Policy Progress'!H4="4=Achieved milestone target",4,"")))) -> 3 | E4: =IF('Tab3b Policy Progress'!I4="1=No contribution to target ",1,IF('Tab3b Policy Progress'!I4="2=Initiated contribution to target",2,IF('Tab3b Policy Progress'!I4="3=Approaches milestone target",3,IF('Tab3b Policy Progress'!I4="4=Achieved milestone target",4,"")))) | F4: =B4 -> 2 | G4: =C4 -> 2 | H4: =D4 -> 3 | I4: =E4
A5: 2.3 By the end of 2026, the Revised Sudan National Strategy and Costed Plan of Action for Refugee's Education will will be adopted federal MoE once operational. | B5: =IF('Tab3b Policy Progress'!F5="1=No contribution to target ",1,IF('Tab3b Policy Progress'!F5="2=Initiated contribution to target",2,IF('Tab3b Policy Progress'!F5="3=Approaches milestone target",3,IF('Tab3b Policy Progress'!F5="4=Achieved milestone target",4,"")))) -> 2 | C5: =IF('Tab3b Policy Progress'!G5="1=No contribution to target ",1,IF('Tab3b Policy Progress'!G5="2=Initiated contribution to target",2,IF('Tab3b Policy Progress'!G5="3=Approaches milestone target",3,IF('Tab3b Policy Progress'!G5="4=Achieved milestone target",4,"")))) -> 3 | D5: =IF('Tab3b Policy Progress'!H5="1=No contribution to target ",1,IF('Tab3b Policy Progress'!H5="2=Initiated contribution to target",2,IF('Tab3b Policy Progress'!H5="3=Approaches milestone target",3,IF('Tab3b Policy Progress'!H5="4=Achieved milestone target",4,"")))) -> 3 | E5: =IF('Tab3b Policy Progress'!I5="1=No contribution to target ",1,IF('Tab3b Policy Progress'!I5="2=Initiated contribution to target",2,IF('Tab3b Policy Progress'!I5="3=Approaches milestone target",3,IF('Tab3b Policy Progress'!I5="4=Achieved milestone target",4,"")))) | F5: =B5 -> 2 | G5: =C5 -> 3 | H5: =D5 -> 3 | I5: =E5
A6: 2.4 By the end of 2026, a harmonized skills development and TVET Policy will be drafted by the Ministry of of Education and the policy adopted by end of 2027 by development partners, Supreme Council and Technical Vocational Education and the Ministry of Education | B6: =IF('Tab3b Policy Progress'!F6="1=No contribution to target ",1,IF('Tab3b Policy Progress'!F6="2=Initiated contribution to target",2,IF('Tab3b Policy Progress'!F6="3=Approaches milestone target",3,IF('Tab3b Policy Progress'!F6="4=Achieved milestone target",4,"")))) | C6: =IF('Tab3b Policy Progress'!G6="1=No contribution to target ",1,IF('Tab3b Policy Progress'!G6="2=Initiated contribution to target",2,IF('Tab3b Policy Progress'!G6="3=Approaches milestone target",3,IF('Tab3b Policy Progress'!G6="4=Achieved milestone target",4,"")))) | D6: =IF('Tab3b Policy Progress'!H6="1=No contribution to target ",1,IF('Tab3b Policy Progress'!H6="2=Initiated contribution to target",2,IF('Tab3b Policy Progress'!H6="3=Approaches milestone target",3,IF('Tab3b Policy Progress'!H6="4=Achieved milestone target",4,"")))) | E6: =IF('Tab3b Policy Progress'!I6="1=No contribution to target ",1,IF('Tab3b Policy Progress'!I6="2=Initiated contribution to target",2,IF('Tab3b Policy Progress'!I6="3=Approaches milestone target",3,IF('Tab3b Policy Progress'!I6="4=Achieved milestone target",4,"")))) | F6: =B6 | G6: =C6 | H6: =D6 | I6: =E6
A7: 2.5 Development partners, state ministries, and the Federal Ministry of Education will adopt a new education, skills, TVET training programming, and financing plan for Sudan, inclusive of FDPs, by the end of 2027. | B7: =IF('Tab3b Policy Progress'!F7="1=No contribution to target ",1,IF('Tab3b Policy Progress'!F7="2=Initiated contribution to target",2,IF('Tab3b Policy Progress'!F7="3=Approaches milestone target",3,IF('Tab3b Policy Progress'!F7="4=Achieved milestone target",4,"")))) | C7: =IF('Tab3b Policy Progress'!G7="1=No contribution to target ",1,IF('Tab3b Policy Progress'!G7="2=Initiated contribution to target",2,IF('Tab3b Policy Progress'!G7="3=Approaches milestone target",3,IF('Tab3b Policy Progress'!G7="4=Achieved milestone target",4,"")))) | D7: =IF('Tab3b Policy Progress'!H7="1=No contribution to target ",1,IF('Tab3b Policy Progress'!H7="2=Initiated contribution to target",2,IF('Tab3b Policy Progress'!H7="3=Approaches milestone target",3,IF('Tab3b Policy Progress'!H7="4=Achieved milestone target",4,"")))) | E7: =IF('Tab3b Policy Progress'!I7="1=No contribution to target ",1,IF('Tab3b Policy Progress'!I7="2=Initiated contribution to target",2,IF('Tab3b Policy Progress'!I7="3=Approaches milestone target",3,IF('Tab3b Policy Progress'!I7="4=Achieved milestone target",4,"")))) | F7: =B7 | G7: =C7 | H7: =D7 | I7: =E7
A8: 3.1 By the end of 2024, the Standard Operating Procedures for Child Protection Case Management system will include refugee children, and its functioning will be endorsed by authorities/coordination mechanisms in the target states. | B8: =IF('Tab3b Policy Progress'!F8="1=No contribution to target ",1,IF('Tab3b Policy Progress'!F8="2=Initiated contribution to target",2,IF('Tab3b Policy Progress'!F8="3=Approaches milestone target",3,IF('Tab3b Policy Progress'!F8="4=Achieved milestone target",4,"")))) | C8: =IF('Tab3b Policy Progress'!G8="1=No contribution to target ",1,IF('Tab3b Policy Progress'!G8="2=Initiated contribution to target",2,IF('Tab3b Policy Progress'!G8="3=Approaches milestone target",3,IF('Tab3b Policy Progress'!G8="4=Achieved milestone target",4,"")))) | D8: =IF('Tab3b Policy Progress'!H8="1=No contribution to target ",1,IF('Tab3b Policy Progress'!H8="2=Initiated contribution to target",2,IF('Tab3b Policy Progress'!H8="3=Approaches milestone target",3,IF('Tab3b Policy Progress'!H8="4=Achieved milestone target",4,"")))) | E8: =IF('Tab3b Policy Progress'!I8="1=No contribution to target ",1,IF('Tab3b Policy Progress'!I8="2=Initiated contribution to target",2,IF('Tab3b Policy Progress'!I8="3=Approaches milestone target",3,IF('Tab3b Policy Progress'!I8="4=Achieved milestone target",4,"")))) | F8: =B8 | G8: =C8 | H8: =D8 | I8: =E8
A9: 3.2 By the end of 2025, preparatory work to review policy and regulation on children without parental care/UASCs (alternative care) will be finalized and enacted by the end of 2026 by MoSD upon the government's resumption of its legislative function. | B9: =IF('Tab3b Policy Progress'!F9="1=No contribution to target ",1,IF('Tab3b Policy Progress'!F9="2=Initiated contribution to target",2,IF('Tab3b Policy Progress'!F9="3=Approaches milestone target",3,IF('Tab3b Policy Progress'!F9="4=Achieved milestone target",4,"")))) | C9: =IF('Tab3b Policy Progress'!G9="1=No contribution to target ",1,IF('Tab3b Policy Progress'!G9="2=Initiated contribution to target",2,IF('Tab3b Policy Progress'!G9="3=Approaches milestone target",3,IF('Tab3b Policy Progress'!G9="4=Achieved milestone target",4,"")))) | D9: =IF('Tab3b Policy Progress'!H9="1=No contribution to target ",1,IF('Tab3b Policy Progress'!H9="2=Initiated contribution to target",2,IF('Tab3b Policy Progress'!H9="3=Approaches milestone target",3,IF('Tab3b Policy Progress'!H9="4=Achieved milestone target",4,"")))) | E9: =IF('Tab3b Policy Progress'!I9="1=No contribution to target ",1,IF('Tab3b Policy Progress'!I9="2=Initiated contribution to target",2,IF('Tab3b Policy Progress'!I9="3=Approaches milestone target",3,IF('Tab3b Policy Progress'!I9="4=Achieved milestone target",4,"")))) | F9: =B9 | G9: =C9 | H9: =D9 | I9: =E9
A10: 3.3 By the end of 2026, support the relevant authorities in re-submitting the proposed Child Act 2020 (refugee-included) for approval. | B10: =IF('Tab3b Policy Progress'!F10="1=No contribution to target ",1,IF('Tab3b Policy Progress'!F10="2=Initiated contribution to target",2,IF('Tab3b Policy Progress'!F10="3=Approaches milestone target",3,IF('Tab3b Policy Progress'!F10="4=Achieved milestone target",4,"")))) | C10: =IF('Tab3b Policy Progress'!G10="1=No contribution to target ",1,IF('Tab3b Policy Progress'!G10="2=Initiated contribution to target",2,IF('Tab3b Policy Progress'!G10="3=Approaches milestone target",3,IF('Tab3b Policy Progress'!G10="4=Achieved milestone target",4,"")))) | D10: =IF('Tab3b Policy Progress'!H10="1=No contribution to target ",1,IF('Tab3b Policy Progress'!H10="2=Initiated contribution to target",2,IF('Tab3b Policy Progress'!H10="3=Approaches milestone target",3,IF('Tab3b Policy Progress'!H10="4=Achieved milestone target",4,"")))) | E10: =IF('Tab3b Policy Progress'!I10="1=No contribution to target ",1,IF('Tab3b Policy Progress'!I10="2=Initiated contribution to target",2,IF('Tab3b Policy Progress'!I10="3=Approaches milestone target",3,IF('Tab3b Policy Progress'!I10="4=Achieved milestone target",4,"")))) | F10: =B10 | G10: =C10 | H10: =D10 | I10: =E10
A11: 3.4 By the end of 2027, the government of Sudan will adopt an inclusive revised Child Act upon government resumption of its legislative function. | B11: =IF('Tab3b Policy Progress'!F11="1=No contribution to target ",1,IF('Tab3b Policy Progress'!F11="2=Initiated contribution to target",2,IF('Tab3b Policy Progress'!F11="3=Approaches milestone target",3,IF('Tab3b Policy Progress'!F11="4=Achieved milestone target",4,"")))) | C11: =IF('Tab3b Policy Progress'!G11="1=No contribution to target ",1,IF('Tab3b Policy Progress'!G11="2=Initiated contribution to target",2,IF('Tab3b Policy Progress'!G11="3=Approaches milestone target",3,IF('Tab3b Policy Progress'!G11="4=Achieved milestone target",4,"")))) | D11: =IF('Tab3b Policy Progress'!H11="1=No contribution to target ",1,IF('Tab3b Policy Progress'!H11="2=Initiated contribution to target",2,IF('Tab3b Policy Progress'!H11="3=Approaches milestone target",3,IF('Tab3b Policy Progress'!H11="4=Achieved milestone target",4,"")))) | E11: =IF('Tab3b Policy Progress'!I11="1=No contribution to target ",1,IF('Tab3b Policy Progress'!I11="2=Initiated contribution to target",2,IF('Tab3b Policy Progress'!I11="3=Approaches milestone target",3,IF('Tab3b Policy Progress'!I11="4=Achieved milestone target",4,"")))) | F11: =B11 | G11: =C11 | H11: =D11 | I11: =E11
A12: 4.1 By the end of 2025, the new social protection strategy that is inclusive of FDPs will be re-introduced for discussion with relevant stakeholders and adopted by MoSD by the end of 2026. | B12: =IF('Tab3b Policy Progress'!F12="1=No contribution to target ",1,IF('Tab3b Policy Progress'!F12="2=Initiated contribution to target",2,IF('Tab3b Policy Progress'!F12="3=Approaches milestone target",3,IF('Tab3b Policy Progress'!F12="4=Achieved milestone target",4,"")))) | C12: =IF('Tab3b Policy Progress'!G12="1=No contribution to target ",1,IF('Tab3b Policy Progress'!G12="2=Initiated contribution to target",2,IF('Tab3b Policy Progress'!G12="3=Approaches milestone target",3,IF('Tab3b Policy Progress'!G12="4=Achieved milestone target",4,"")))) | D12: =IF('Tab3b Policy Progress'!H12="1=No contribution to target ",1,IF('Tab3b Policy Progress'!H12="2=Initiated contribution to target",2,IF('Tab3b Policy Progress'!H12="3=Approaches milestone target",3,IF('Tab3b Policy Progress'!H12="4=Achieved milestone target",4,"")))) | E12: =IF('Tab3b Policy Progress'!I12="1=No contribution to target ",1,IF('Tab3b Policy Progress'!I12="2=Initiated contribution to target",2,IF('Tab3b Policy Progress'!I12="3=Approaches milestone target",3,IF('Tab3b Policy Progress'!I12="4=Achieved milestone target",4,"")))) | F12: =B12 | G12: =C12 | H12: =D12 | I12: =E12

Sheet Tab 4 Risk Assessment
B3: 1. Programmatic Risks
B4: Risks | C4: Impact on results | D4: Likelihood | E4: Mitigation measures | F4: Responsible partner to monitor and update risk assessment
B5: Current conflict in Sudan continues to exacerbate existing access challenges and inflated operational costs and input costs. | C5: High | D5: Highly likely | E5: Strong contingency planning with flexibility built into budgets through contingency budget lines. Adaptive programming written into all PDs. Regular mapping of key risks. | F5: All Agencies
B6: The current conflict which began April 2023 spills over to the target states, affecting programme implementation | C6: High | D6: Average | E6: Close to project inception, an in-house analysis of the security situation and conflict assessment will be conducted to ensure implementation of this action is not in frontline areas, but areas that remain relatively safe. Foster strong working relationships with key stakeholders identified in the analysis that will forewarn of changing dynamics and risk levels. Periodically review and revise the programmes’ risk analysis and test assumptions. | F6: All Agencies
B7: Security: Security situation in one or more of the localities deteriorates to the point of hampering daily movements and delaying key activities. | C7: High | D7: Likely | E7: Maintain good relationships with different parties of the conflict. Work with and through local partners who are less constrained by security challenges and have strong presence and networks in the localities; select localities in consultation with security experts; where possible, adopt a flexible approach to adapt the activities to changing context. | F7: All Agencies
B8: Conflict: Interventions risk exacerbating tension between conflict actors due to perceived support to/ exclusion of some groups. | C8: High | D8: Likely | E8: Select localities in consultation with key stakeholders and communities with clear agreed criteria; where possible, intervene in localities in which different groups dominate the political structure to ensure balance; engage conflict actors through a two- stage consultation process and verify outcomes through the inception phase. Apply conflict sensitivity throughout all interventions. | F8: All Agencies
B9: Coordination: Lack of communication and collaboration among partners and stakeholders results in delays, duplications or poor results. | C9: Average | D9: Average | E9: Establish and enforce a schedule of regular partner/steering committees’ meetings at the working level to ensure frequent information exchange, address any emerging issues and foster a collaborative and mutually supportive atmosphere; establish specific roles and responsibilities for communication and collaboration with different stakeholder groups and within states. | F9: All Agencies
B12: 2. Contextual Risk
B13: Risks | C13: Impact on results | D13: Likelihood | E13: Mitigation measures | F13: Responsible partner to monitor and update risk assessment
B14: Uncertainty of access to Forcibly Displaced Persons and places of operational interest, which can be caused by government restrictions (including Bureaucratic and Administrative Impediments, such as visas, travel permits, custom clearance, etc.); non-State armed groups-controlled territories; climatic changes like seasonal rains and floods. This may lead to delayed delivery of protection and assistance, and poor direct programme monitoring, potentially creating an environment in which accountability mechanisms are difficult to implement.nd inflated operational costs and input costs. | C14: High | D14: Highly likely | E14: Agencies jointly advocating with government by the UN Humanitarian Country Team (UNHCT) to eliminate or reduce Bureaucratic and Administrative impediments, including granting of visas, entry and exit, freedom of movement of humanitarian staff, and unimpeded transport and delivery of humanitarian goods. Agencies have also established and regularly updates the direct Implementation monitoring plan and has sourced the services of a third-party monitoring agency. Standardized reporting protocols have been established to maintain consistency and accuracy in remote project monitoring and implementation. Aegncies actively engaging with Access Working Group to identify cases of blocked humanitarian access, and, if appropriate, their escalation to the UNHCT. | F14: All Agencies
B15: Staff safety and security. Operating in a conflict environment with a deteriorating economic and political situation that creates catastrophic lapses in the security environment; potential loss of communications between offices; deteriorating public infrastructure posing a safety hazard to staff during road movements; unavailability of, or rudimentary, medical care, with limited critical care; and stress leading to poor lifestyle choices in terms of sleep, diet and exercise. | C15: High | D15: Highly likely | E15: Agencies are closely coordinating with Aviation Safety Focal Person for Aviation Safety, for the purposes of emergency medical evacuations. Further, Agencies are implementing, monitoring, and regularly reviewing of both the Security Risk Management and Residential Security Management measures as per standard Department of Safety and Security rules and procedures. Additionally, mechanisms for continual situational awareness have been established to enable Early Warning and decision-making. Contacts have been established with the state security agencies and other relevant actors through the UN Inter-Agency Coordination mechanisms in affected areas. Finally, Agencies have developed and established the capacity to execute Security Evacuation Plans for all offices in the field and update the Contingency Plans (preparedness). | F15: All Agencies
B16: Potential for fraud committed by the Forcibly Displaced Persons. This poses a significant risk to humanitarian aid efforts and socio-economic stability. Fraudulent activities may include but are not limited to misrepresentation of identity, falsification of documentation, diversion of aid for personal gain, and exploitation of vulnerabilities within aid delivery mechanisms. As a result of the complex nature of the crisis in Sudan, including limited access to resources, lack of formal identification, processing staff and brokers, sub-optimal use of corporate systems, and heightened vulnerability, there exists a considerable possibility of fraudulent activities within the protection and assistance programs. | C16: High | D16: Highly likely | E16: UNHCR and ILO has data sharing agreement in relation to the information sharing of the refugees. UNHCR is using biometric identification across all assistance programmes and case management processes. Operational guidelines have been rolled-out on addressing fraud committed by Forcibly Displaced Persons. Relatedly, the refugees are being sensitized on the fraud sanctions and disseminating and raising awareness of the policy. Agencies have also conducted a Fraud Vulnerability Assessment and the findings will inform the priorities of the 2024 Fraud Prevention Action Plan. Anti-Fraud & Anti Corruption Prevention SOP. | F16: All Agencies
B17: Aid Diversion & Aid damage: This may be caused by the unpredictable security and political situation in the country; breakdown of the rule of law; ransacking and indiscriminate attacks on humanitarian assets and facilities; continued bureaucratic impediments; limited ability to assess and monitor the delivery of humanitarian assistance; and continued reliance on import of humanitarian supplies. | C17: High | D17: Highly likely | E17: Guidance Note on Aid-diversion that has been developed and shared. Efforts have also been made to engage the HCT to establish red lines for instrumentalization of assistance and interference of authorities in assurance standards for aid delivery. Agencies have established an Assurance Committee that looks at the Anti-Fraud and Anti-Corruption causes and mitigating measures. Standard Operating Procedures have been put in place for End-to-End Cash and NFI management. There is capacity sharing with the partners on aid-diversion. To enhance transparency and accountability in aid delivery, digital accountability platforms are being used. These include the Population Registration and Identity Management EcoSystem (PRIMES) and Global Distribution Tool (GDT) that have been extended to partners to authenticate aid recipients at the point of delivery. | F17: All Agencies
B18: Sexual Exploitation, Abuse and Harassment of the Forcibly Displaced Persons. This may be as a result of the limited access to the FD&SPs; lack of information on reporting mechanisms; societal norms and beliefs that tolerate or condone sexual exploitation and harassment; inadequate policing and security measures in refugee camps or IDP settlements; limited education and awareness programs on SEA and its consequences; and the financial and economic challenges pushing individuals to engage in risky activities for survival. | C18: High | D18: Highly likely | E18: Establish and enforce a schedule of regular partner/steering committees’ meetings at the working level to ensure frequent information exchange, address any issues regarding implementing a Multi-year PSEA/SH Strategy, with bi-annual stock-taking by respective agencies on prevention, mitigation, and response activities. All agencies staff, including affiliated workforce are required to attend a mandatory annual Code of Conduct Dialogue Session as well as SEA-SH specific refresher trainings are being conducted and all UN staff Staff and Affiliates are required to complete the mandatory E-learning modules on SEA/SH. There are regular training and refresher sessions conducted for the SEA/SH focal points from each each agencies to field offices. Additionally, UNCT is engaging in the inter-agency dedicated coordination, including the PSEA Network and Working Group on Accountability to Affected Populations, with SEA risk assessments and other related activities. Relatedly, all agencies undertake PSEA capacity sharing with the partners, risk assessments, and other relevant stakeholders to ensure minimum PSEA standards are met. Finally, agencies are strengthening the capacity of respective government counterparts, including the Commissioner of Refugees, on reporting and responding to allegations of SEA-SH. Emerging issues and foster a collaborative and mutually supportive atmosphere; establish specific roles and responsibilities for communication and collaboration with different stakeholder groups and within states. | F18: All Agencies
B19: Access challenges Delays in obtaining approval from relevant government authorities at all levels (various bureaucratic impediments) | C19: High | D19: Likely | E19: The UN continues to advocate for uninhibited humanitarian access at all levels, through inter_x0002_agency advocacy to this regard. Mitigation measures continue to be exercised – for example, instigating extension of visas where possible as opposed to new visas, the latter of which takes significantly more processing time | F19: All Agencies
B20: Liquidity and cash shortages | C20: Average | D20: Average | E20: Liquidity was challenging in the early days of the conflict, and liquidity in banks has improved. Agencies have leveraged on their strong relationship with financial service providers to avail sufficient cash required for the operation and its partners. Liquidity has improved considerably compared to initial days of conflict. | F20: All Agencies
B21: Lack of availability of fuel Lack of availability of fuel has been reported in several parts of the country resulting in inability to transport humanitarian supplies as well as an increase in transportation costs and costs of basic commodities. | C21: Average | D21: Average | E21: The agencies’ operations established dedicated fuel storage and dispensing infrastructure at all Sub-Office locations, replenished through a contractual agreement with a supplier | F21: All Agencies
B22: Reduced presence of partners/lack of partner’s capacity to respond | C22: High | D22: Likely | E22: Due to insecurity, humanitarian agencies have evacuated/relocated their staff members from several parts of the country, limiting the capacity of humanitarian partners to respond to the growing humanitarian needs in the country. The UN agencies are engaged with partners to identify in-place capacity using the localisation agenda, assess their property loss, and bi-laterally re-negotiating existing project agreements | F22: All Agencies
B23: Challenges of importing supplies Custom clearances of humanitarian supplies are lengthy with strict scrutiny from authorities and therefore some humanitarian supplies are stuck at the port. This will also affect future international procurement of humanitarian supplies | C23: Average | D23: Average | E23: To address this, the agencies’ operations will continue to engage appropriate interagency mechanisms to address administrative impediments to facilitate efficient receipt and onward passage of goods through the port. The agencies’ operations will continue coordinating with UN Operation Hub established in Farchana, Chad to deliver relief items into Sudan particularly into Darfur. | F23: All Agencies
B24: The increases in the cost of the project and the associated effect on meeting key project targets (budget and duration) | C24: Average | D24: Average | E24: (1) Include in the budget a contingency for price increases. (2) Establish a coordination mechanism to share experiences and lessons learnt with the World Bank, which is undertaking similar work. (3) use of Frame Agreements for contractactors working for the project. | F24: All Agencies
B25: Technical delays in implementation The possibility of site work not being completed to the expected standard (Inaccurate work specifications, poor supervision of works, delays in workers' daily payment, misreporting of work done), and the associated effect on sustainable outcomes of EIIP work. | C25: Low | D25: Unlikely | E25: (1) Train the contractors on environmental, social and ethical standards and business management (including supervision and minimum standards of documentation). (2) Establish community monitoring and outreach to report contractor performance on site. (3) Contract clauses to include a six-month retention of management fee in case of poor work. (4) Stronger assurance mechanisms on payment to workers (e.g. direct by mobile payments - Bankak, co-sign off by community leaders, voucher system). (5) Random inspection/audit of contractor’s financial and operational records. (6) Site visits to be undertaken by engineers recruited from the of project area/locality. (7) Training of engineers and contractors on ILO ethics. | F25: All Agencies
B26: Risk of fraud by implementing partners in presenting forged documents, misreporting in cash advances, leading to loss of UNICEF financial resources and resulting in damage to organizational reputation. | C26: Average | D26: Average | E26: Micro-assessment plan and due diligence for partners is done before any partnership is signed. Completion of Anti-fraud awareness training by all UNICEF staff and partners. Development of Annual assurance plan for implementing partners. Increased programme monitoring visits for the partners with high-risk rating. Plan for HACT financial audits for partners as per global procedures.
B27: The affected communities may not be knowledgeable of their rights to free humanitarian aid hence opting for negative coping strategies including SEA/SH as a means of survival or a means of seeking livelihood/ employment opportunities. | C27: Average | D27: Average | E27: Partners in collaboration with UNICEF programs such as SBC, CP, WASH, Health, Nutrition, use various platforms such as community outreach, TVs, radios and disseminate IEC materials to create awareness among the affected population on their rights to free humanitarian aid/services, and key PSEA messages including what constitutes SEA and prohibited behaviours for the humanitarian workers. NFIs such as dignity kits with key PSEA brochures, are pre-positioned in hotspots and distributed for women and girls to uphold their dignity and facilitate their dignified mobility to seek lifesaving services.
B28: Lack of information among the community members on where and how to report SEA incidents/allegations. | C28: Average | D28: Average | E28: In consultation with the affected population, UNICEF and partners, continue to strengthen/establish safe, confidential accessible feedback and complaint mechanism such as hotlines, trained PSEA FPs, U-report for reporting SEA allegations and child safeguarding violations, and ensuring that the mechanisms are known by the community members.
B29: Large influx of workers recruited to respond, increases SEA risks such as sex favor in exchange for basic services. | C29: Average | D29: Average | E29: UNICEF ensures that all the partners, sign partnership cooperative agreements (PCAs) with PSEA clauses. Partners are assessed on their PSEA institutional capacities and supported to strengthen PSEA mechanisms as required. Partners’ recruitment and procurement processes and other subcontracts include appropriate commitments on GBV/PSEA/SH and employees sign COC. UNICEF ensures that all IP employees including contractors are trained on PSEA, UNICEF's Child Safeguarding, policy on Zero Tolerance to SEA among other policies and UNICEF ensures that partners have functional PSEA mechanisms to mitigate, prevent, detect and safely handle and refer SEA allegations.

Sheet Tab 5 Multi-annual targets 
A5: INDICATORS | B5: Partners | C5: Cumulative Target per partner (2024-2027)
A6: PILLAR 1: EDUCATION AND LEARNING
A7: Mid-term Outcome 1: Increased Access of FDPs And HCs To Quality Education, Skills and Learning Opportunities
A8: 1a) Number of FDPs/HCs who completed their primary or secondary education program (formal and non-formal) | B8: TOTAL | C8: =SUM(C9:C13) -> 93000
B9: UNICEF | C9: 52000 | D9: 65% of enrolment number (80,000)
B10: UNHCR | C10: 41000
A14: 1b) Number of FDPs/HCs who completed a professional, technical or vocational education and/or training program or another non-formal skills training | B14: TOTAL | C14: =SUM(C15:C19) -> 12000 | D14: 60% of enrolment number ( 20000)
B15: UNICEF | C15: 12000
B16: UNHCR | C16: 0
A20: 1c) Evidence that legal frameworks and policies are inclusive for refugees in terms of access to education systems | B20: No target needed
A21: Short-term Outcome 1.1: Increased National Capacity to Deliver Quality Education and Vocational Training
A22: 1.1a) Number of education and training institutions receiving technical assistance or capacity building | B22: TOTAL | C22: =SUM(C23:C27) -> 18
B23: UNICEF | C23: 7 | D23: Target is 20 per institution ( ie. Total 140persons to be trained)
B24: UNHCR | C24: 11
A28: 1.1b) Number of teachers/ facilitators/ TVET trainers completing professional development trainings | B28: TOTAL | C28: =SUM(C29:C33) -> 2073
B29: UNICEF | C29: 2000
B30: UNHCR | C30: 73
A34: 1.1c) Number of educational skills training curricula and programs (online & offline), improved/ updated/ developed (with formal and non-formal educational and skills training systems) | B34: TOTAL | C34: =SUM(C35:C39) -> 4
B35: UNICEF | C35: 4
B36: UNHCR | C36: 0
A40: Short-term Outcome 1.2: More FDPs And HCs Enrolled and Retained in Formal and Non-Formal Education At (Pre-) Primary and Secondary Levels
A41: 1.2a) Number of new FDPs/HCs enrolled in pre-primary/primary/secondary education (formal and non-formal) | B41: TOTAL | C41: =SUM(C42:C46) -> 120000
B42: UNICEF | C42: 80000 | D42: Enrolment 80,000
B43: UNHCR | C43: 40000
A47: 1.2b) Number of FDPs/HCs retained in Primary/Secondary Education Program, Including Acceleration Education Programs and Early Childhood Education | B47: TOTAL | C47: =SUM(C48:C52) -> 147599
B48: UNICEF | C48: 60000 | D48: 75% of total enrolment number ( 80,000)
B49: UNHCR | C49: 87599
A53: 1.2c) Number of FDPs/HCs provided with in-kind or financial support to attend educational programs | B53: TOTAL | C53: =SUM(C54:C58) -> 4000
B54: UNICEF | C54: 2000
B55: UNHCR | C55: 2000
A59: GCR indicator 2.2.1 - Proportion of refugee children enrolled in the national education system (primary and secondary) | B59: No target needed
A60: Short-term Outcome 1.3: More FDPs and HCs Access Occupational Relevant Skills and Skills Recognition for Transition to Work
A61: 1.3a) Number of FDPs/HCs who enrolled in professional, technical or vocational education and/or formal/informal skills training program | B61: TOTAL | C61: =SUM(C62:C66) -> 20000
B62: UNICEF | C62: 20000
B63: UNHCR
A67: 1.3b) Number of FDPs/HCs accessing apprenticeships, internships, fellowships, on-the-job training and work-based learning opportunities and other transition pathways to employability | B67: TOTAL | C67: =SUM(C68:C72) -> 0
B68: UNICEF | C68: 0
B69: UNHCR
A73: 1.3c) Number of FDPs/HCs’ skills and qualifications recognized (RPL, credential evaluation, micro-credentialing, certification etc.) | B73: TOTAL | C73: =SUM(C74:C78) -> 0
B74: UNICEF | C74: 0
B75: UNHCR
A79: PILLAR 2: EMPLOYMENT WITH DIGNITY
A80: Mid-term Outcome 2: Improved Livelihoods and Expanded Economic Opportunities for FDPs and HCs
A81: 2a) Number of new wage employment and/or self-employment (business) opportunities supported by PROSPECTS
A87: 2b) Number of FDPs/HC members already employed or self-employed who have either increased their income, enhanced their working conditions or maintained resilient livelihoods
A93: 2c) Number of Government institutions, BDS providers, financial institutions, input providers and/or cooperatives that have introduced new services or scaled their service offer for FDPs and HCs
A98: 2d) Evidence that legal frameworks and policies are inclusive for refugees in terms of access to labor market and formality
A102: GCR indicator 2.1.1 - Proportion of refugees who have access to decent work by law
A107: Short-term Outcome 2.1: Improved Labour Market Governance Supporting Transition to and Entry into Employment and Formalization
A108: 2.1a) Number of job seekers using employment services
A115: 2.1b) Number of FDPs/HCs who have been issued work permits and/or business registrations (or other relevant operating licenses) with support from prospects
A122: 2.1c) Number of FDPs/HCs completing career counselling, JSC, life skills & employability trainings and/or other short-term trainings & support services
A126: Short-term Outcome 2.2: Increased Private Sector or Public Investment and Enhanced Business Environment for Creating Economic Opportunities for FDPs and HCs
... A336: Mid-term Outcome 2: Improved livelihoods and expanded economic opportunities for FDPs and HCs, through access to entrepreneurship and employment with dignity
A337: 2a) Number of new wage employment and/or self-employment (business) opportunities supported by PROSPECTS | B337: TOTAL | C337: =SUM(C338:C342) -> 800
B338: ILO | C338: 400
B339: UNHCR | C339: 400
A343: 2b) Number of FDPs/HC members already employed or self-employed who have either increased their income, enhanced their working conditions or maintained resilient livelihoods | B343: TOTAL | C343: =SUM(C344:C348) -> 800
B344: ILO | C344: 400
B345: UNHCR | C345: 400
A349: 2c) Number of Government institutions, BDS providers, financial institutions, input providers and/or cooperatives that have introduced new services or scaled their service offer for FDPs and HCs | B349: TOTAL | C349: =SUM(C350:C354) -> 14
B350: ILO | C350: 8
B351: UNHCR | C351: 6
A355: 2d) Evidence that legal frameworks and policies are inclusive for refugees in terms of access to labor market and formality | B355: TOTAL | C355: =SUM(C356:C360) -> 7
B356: ILO | C356: 1
B357: UNHCR | C357: 6
A361: GCR indicator 2.1.1 - Proportion of refugees who have access to decent work by law | B361: No target needed
A362: Short-term Outcome 2.1: Improved Labour Market Governance Supporting Transition to and Entry into Employment and Formalization
A363: 2.1a) Number of job seekers using employment services | B363: TOTAL | C363: =SUM(C364:C368) -> 0
A369: 2.1b) Number of FDPs/HCs who have been issued work permits and/or business registrations (or other relevant operating licenses) with support from prospects | B369: TOTAL | C369: =SUM(C370:C374) -> 0
A375: 2.1c) Number of FDPs/HCs completing career counselling, JSC, life skills & employability trainings and/or other short-term trainings & support services | B375: TOTAL | C375: =SUM(C376:C380) -> 0
A381: Short-term Outcome 2.2: Increased Private Sector or Public Investment and Enhanced Business Environment for Creating Economic Opportunities for FDPs and HCs
A382: 2.2a) Value of financing invested and leveraged (US$) in target areas | B382: TOTAL | C382: =SUM(C383:C387) -> 2066000
B383: ILO | C383: 2000000
B384: UNICEF
B385: UNHCR
A387: 2.2b) Number of workdays created for FDPs/HCs through labor-intensive investments | B387: TOTAL | C387: =SUM(C388:C392) -> 66000
B388: ILO | C388: 66000
A393: Short-term Outcome 2.3: Increased Access to Finance, Business Development and Entrepreneurial Support
A394: 2.3a) Number of FDPs/HCs accessing financial services (bank account, loan or another financial product) to support their business/coop with PROSPECTS support | B394: TOTAL | C394: =SUM(C395:C400) -> 42700
B395: ILO | C395: 10000
A400: 2.3b) Number of FDPs/HCs accessing BDS services or trained on entrepreneurship/ financial education / cooperative development / other business skills | B400: TOTAL | C400: =SUM(C401:C405) -> 32700
B401: Entrepreneurs (BDS) | C401: 2700
B402: Entrepreneurs (Mentorship) | C402: 30000
A406: 2.3c) Number of FDP/HC market actors trained and/or sensitized to improve linkages to FDPs/HCs and to other market actors for better value chain integration | B406: TOTAL | C406: =SUM(C407:C411) -> 5000
B407: Farmers | C407: 5000
A412: Short-term Outcome 2.4: Enhanced Capacity to Protect Rights at Work and Promote Safe and Secure Working Environments for All Workers
A413: 2.4a) Number of institutions with improved capacities to promote and engage on rights at work with FDPs and HCs. | B413: TOTAL | C413: =SUM(C414:C418) -> 10
B414: Government | C414: 6
B415: NGOs | C415: 4
A419: 2.4b) Number of beneficiaries who attended awareness-raising and capacity-building efforts on, among others, addressing informality, rights at work and improving quality and conditions of work | B419: TOTAL | C419: =SUM(C420:C424) -> 10000
B420: Entrepreneurs | C420: 10000
A425: PILLAR 3: PROTECTION, SOCIAL PROTECTION AND INCLUSION
A426: Mid-term Outcome 3: Protection: Increased Government Protection for FDPs and HCs Protection: Increased Government Protection for FDPs and HCs Social Protection: Increased Inclusion of FDPs and HCs In Community-based, Local and/or National Social Protection Systems
A427: 3a) Extent of inclusion of FDPs in the social protection system (UNICEF SP Indicator 5.2.1) | B427: TOTAL | C427: Scale
B428: UNICEF
A429: GCR indicator 2.1.2 - Proportion of refugees who are able to move freely within the host country | B429: No target needed
A430: Short-term Outcome 3.1: Strengthened Legal, Policy and Regulatory Environment for Refugee Protection/Social Protection and Inclusion
A431: 3.1a) Evidence that legal frameworks and policies are inclusive for refugees in terms of protection | B431: No target needed
A432: Short-term Outcome 3.2: Refugees and HCs Have Increased Access To (Strengthened) Community-based, Local and/or National Protection Mechanisms/Services
...

Sheet Lists
B3: Collective intervention | D3: Access to rights | H3: WB | I3: MACP | K3: Pillar 1: EDUCATION AND LEARNING
B4: Aligned intervention | D4: Access to basic services | H4: ILO | I4: OF | K4: Pillar 2: ECONOMIC INCLUSION
B5: Partner specific intervention | D5: Access to socio-economic opportunities | H5: UNHCR | K5: Pillar 3: PROTECTION AND SOCIAL PROTECTION
H6: IFC | K6: Pillar 4: CRITICAL INFRASTRUCTURE
H7: UNICEF
B10: Ahead of schedule
B11: On track
B12: Constrained
B15: Highly likely | D15: High
B16: Likely | D16: Average
B17: Average | D17: Low
B18: Unlikely
B19: Highly unlikely
B25: Self assessment | C25: Protection | D25: Social protection | E25: Education
B26: 1=No contribution to target
B27: 2=Initiated contribution to target
B28: 3=Approaches milestone target
B29: 4=Achieved milestone target
